 Dungeon Crawl Stone Soup version 0.30.0-20-g3615ddf2f0 (webtiles) character file.

Game seed: 1893115044890043686

506876 qw the Slayer (level 25, -1/178 HPs)
             Began as a Gargoyle Fighter on May 29, 2023.
             Was an Elder of Okawaru.
             Slain by a green draconian monk (11 damage)
             ... on level 3 of the Realm of Zot.
             The game lasted 00:36:25 (49383 turns).

qw the Slayer (Gargoyle Fighter)                   Turns: 49383, Time: 00:36:26

Health: -1/178     AC: 68    Str: 29    XL:     25   Next: 2%
Magic:  39/39      EV: 22    Int: 10    God:    Okawaru [****..]
Gold:   2344       SH: 29    Dex: 12    Spells: 24/24 levels left

rFire   + + .        g - +1 broad axe (vamp)
rCold   + + +        F - +0 tower shield
rNeg    + . .        i - +7 gold dragon scales
rPois   inf          G - +2 helmet {SInv}
rElec   +            u - +1 cloak of the Peculiar Artists {rF+ rC++}
rCorr   .            e - +2 pair of gloves
SInv    +            o - +2 pair of boots {Fly}
Will    +....        A - amulet of reflection Stlth
                     b - ring of Irucves {rPois MP+9 EV+5 Int-2 Dex+3}
HPRegen 0.49/turn    s - +5 ring of evasion
MPRegen 0.26/turn

%: reflection
@: heroic, flying, slowed, very slow
A: sickness immunity, AC +19, big wings, negative energy resistance 1,
electricity resistance, torment resistance 1, petrification resistance, cold
resistance 1
}: 3/15 runes: serpentine, barnacled, silver
a: Renounce Religion, Heroism, Finesse


You were on level 3 of the Realm of Zot.
You worshipped Okawaru.
Okawaru was greatly pleased with you.
You visited 9 branches of the dungeon, and saw 43 of its levels.

You collected 6241 gold pieces.
You spent 3897 gold pieces at shops.


Innate Abilities, Weirdness & Mutations

You are immune to sickness and miasma.
Your stone body is resilient. (AC +19)
You are immune to poison.
Your large and strong wings let you fly.
You resist negative energy. (rN+)
You are resistant to electric shocks. (rElec)
You are resistant to unholy torment.
You are immune to petrification.
Your flesh is cold resistant. (rC+)


   Skills:
 + Level 23.9(27) Fighting
 - Level 18.0(23.0) Axes
 - Level 13.0(18.0) Throwing
 - Level 22.0(27) Armour
 - Level 8.0(13.0) Dodging
 - Level 22.0(27) Shields
 - Level 10.1 Invocations


You had 24 spell levels left.
You didn't know any spells.
Your spell library was empty.

Inventory:

Hand Weapons
 g - a +1 vampiric broad axe (weapon)
 n - the +5 war axe of Codif {holy, Will+}
   (You found it on level 5 of the Vaults)

   Will:      It increases your willpower.
Missiles
 t - 25 javelins (quivered)
Armour
 e - a +2 pair of gloves (worn)
 i - +7 gold dragon scales (worn)
 j - a +2 cloak
 o - a +2 pair of boots of flying (worn)
 p - a +0 tower shield of reflection
 r - the +3 plate armour of Peux Yhe {rC++ rCorr Dex-5}
   (Okawaru gifted it to you on level 4 of the Lair of Beasts)

   Dex:       It affects your dexterity (-5).
   rC:        It greatly protects you from cold.
   rCorr:     It protects you from acid and corrosion.
 u - the +1 cloak of the Peculiar Artists (worn) {rF+ rC++}
   (Okawaru gifted it to you on level 4 of the Vaults)

   rF:        It protects you from fire.
   rC:        It greatly protects you from cold.
 F - a +0 tower shield (worn)
 G - a +2 helmet of see invisible (worn)
Jewellery
 b - the ring of Irucves (left hand) {rPois MP+9 EV+5 Int-2 Dex+3}
   (You bought it in a shop on level 2 of the Orcish Mines)

   [ring of evasion]

   EV:        It affects your evasion (+5).
   Int:       It affects your intelligence (-2).
   Dex:       It affects your dexterity (+3).
   rPois:     It protects you from poison.
   MP:        It affects your magic capacity (+9).
 s - a +5 ring of evasion (right hand)
 w - a ring of resist corrosion
 A - an amulet of reflection (around neck)
 B - a ring of ice
 H - a ring of resist corrosion
 K - a ring of protection from fire
 L - the ring "Fiupsics" {Fire rN+ Will+ Int+2}
   (You found it on level 2 of the Depths)

   [ring of fire]

   It enhances your fire magic.
   Int:       It affects your intelligence (+2).
   rF:        It protects you from fire.
   rC:        It makes you vulnerable to cold.
   rN:        It protects you from negative energy.
   Will:      It increases your willpower.
Wands
 y - a wand of digging (11)
Scrolls
 l - 5 scrolls of identify
 m - 12 scrolls of teleportation
 C - a scroll of brand weapon
Potions
 a - 5 potions of mutation
 c - 3 potions of cancellation
 d - 6 potions of might
 f - 19 potions of curing
 h - a potion of heal wounds
 q - 7 potions of lignification
 v - 5 potions of attraction
 x - 5 potions of haste
 z - 6 potions of magic

Dungeon Overview and Level Annotations

Branches:
Dungeon (15/15)            Temple (1/1) D:5            Lair (5/5) D:8
 Shoals (4/4) Lair:2        Snake (4/4) Lair:3        Slime (0/5) Lair:4
    Orc (2/2) D:10            Elf (0/3) Orc:2        Vaults (5/5) D:13
  Crypt (0/3) Vaults:3     Depths (4/4) D:15            Zot (3/5) Depths:4

Altars:
Ashenzari
Cheibriados
Dithmenos
Elyvilon
Fedhas
Gozag
Hepliaklqana
Kikubaaqudgha
Makhleb
Nemelex Xobeh
Okawaru
Qazlal
Ru
Sif Muna
Trog
Uskayaw
Vehumet
Wu Jian
Xom
Yredelemnul
Zin
The Shining One
Jiyva
Lugonu

Shops:
Orc:2 ==***   Snake:2 ::=   Snake:3 :   Vaults:4 :   Vaults:5 (   Depths:2 *

Portals:
Hell: Depths:1 Depths:2 Depths:3 Depths:4
Abyss: Depths:1 Depths:3 Depths:4
Pandemonium: Depths:2
Ziggurat: Depths:4

Annotations:
D:4 Eustachio
D:5 1 runed translucent door
Lair:5 1 runed translucent door, qw's ghost, journeyman GrFi
Snake:1 2 transporters, TuffENuff's ghost, adept FoFi
Orc:2 3 runed translucent doors, qw's ghost, journeyman GrFi
Zot:2 1 runed translucent door, Jiorhin's ghost, legendary TrBe


Message History

The green draconian monk misses you.
The green draconian monk tail-slaps you!
The moth of wrath bites you but does no damage.
The death cob hits you but does no damage.
You block the green draconian monk's attack.
The green draconian monk kicks you!
The green draconian monk tail-slaps you but does no damage. x2
The green draconian monk hits you but does no damage.
The green draconian monk barely misses you.
You block the green draconian monk's attack.
The green draconian monk tail-slaps you but does no damage.
You completely miss the green draconian monk.
The green draconian monk is severely wounded.
You barely miss the green draconian monk.
You slash the death cob! You slash the moth of wrath!
You block the death cob's attack. You block the moth of wrath's attack.
You block the death cob's attack.
You block the green draconian monk's attack.
The green draconian monk kicks you but does no damage.
The green draconian monk closely misses you. x2
You block the green draconian monk's attack.
The green draconian monk completely misses you. x2
The green draconian monk tail-slaps you but does no damage.
You slash the death cob!
You destroy the death cob!
Okawaru accepts your kill.
You slice the green draconian monk!!
You completely miss the green draconian monk.
You slash the moth of wrath! You block the moth of wrath's attack.
The green draconian monk hits you!
You block the green draconian monk's attack.
The green draconian monk misses you. x2; The green draconian monk hits you!!
The green draconian monk completely misses you. x2
You block the green draconian monk's attack.
You block the moth of wrath's attack.
The green draconian monk hits you but does no damage.
You block the green draconian monk's attack.
The green draconian monk tail-slaps you but does no damage. x2
The green draconian monk hits you!
You die...

........#
#....#
....#####
#...[# ....#
#....# ....#
#....# ....#
######....# ..
#.........#
#.........#
#.$.......#
#...%@q...#
#...y.q....#
......######.#
...... .#
...... #
...... ....
....


You could see 2 draconians and a moth of wrath.

Vanquished Creatures
  2 dread liches (Vaults:5)
  An orb of fire (Zot:2)
  An ancient lich (Vaults:5)
  Mara (Snake:4)
  Bai Suzhen (Shoals:4)
  A Killer Klown (Zot:3)
  5 golden dragons
  A curse toe (Zot:2)
  the Enchantress (Depths:3)
  A bone dragon (Depths:4)
  2 hellephants (Depths:3)
  10 tentacled monstrosities
  Jorgrun (Snake:1)
  Polyphemus (Shoals:3)
  6 death cobs
  6 sphinxes
  7 quicksilver dragons
  Frances (D:14)
  Agnes (D:15)
  11 storm dragons
  5 draconian monks
  8 shadow dragons
  Donald (Snake:1)
  6 tengu reavers
  10 nagarajas
  Ilsuiw (Shoals:3)
  5 fire giants
  A deep elf sorcerer (Vaults:5)
  5 draconian knights
  2 draconian scorchers
  28 vault wardens
  Louise (Depths:1)
  A ghost moth (Zot:3)
  3 iron dragons
  Aizul (Snake:1)
  4 frost giants
  5 spectral caustic shrikes (Depths:2)
  2 orc warlords
  3 draconian stormcallers
  12 very ugly things
  4 spriggan defenders
  5 war gargoyles
  21 ironbound preservers
  15 stone giants
  6 ironbound thunderhulks
  6 green draconians
  2 vampire knights
  A deep elf demonologist (Vaults:5)
  7 black draconians
  Azrael (Snake:1)
  15 dire elephants
  6 white draconians
  3 spark wasps (Depths:3)
  4 yellow draconians
  6 purple draconians
  A deep elf annihilator (Vaults:5)
  7 red draconians
  3 crystal guardians
  9 ettins
  7 merfolk javelineers
  3 fire dragons
  5 merfolk impalers
  Josephine (D:10)
  3 great orbs of eyes
  2 deep elf high priests (Vaults:5)
  An entropy weaver (Vaults:1)
  13 yaktaur captains
  7 ice dragons
  2 hydras
  4 rakshasas
  5 ogre magi
  4 salamander tyrants
  3 peacekeepers
  A catoblepas (Shoals:3)
  53 vault guards
  3 spriggan air magi
  17 ironbound frosthearts
  2 alligator snapping turtles (Shoals:4)
  6 merfolk avatars
  13 anacondas
  24 centaur warriors
  2 satyrs
  4 boulder beetles
  A two-headed ogre (shapeshifter) (Vaults:3)
  10 naga warriors
  5 merfolk aquamancers
  11 two-headed ogres
  9 death yaks
  6 hell hogs (Depths:3)
  5 tengu warriors
  5 deep troll earth magi
  10 naga sharpshooters
  4 deep troll shamans
  3 spriggan berserkers
  6 shock serpents
  An orc high priest (Orc:2)
  6 spriggans
  A shock serpent (shapeshifter) (Vaults:3)
  Nergalle (D:12)
  3 salamander mystics
  10 hell knights
  5 iron trolls
  A skeletal warrior (Vaults:3)
  3 skysharks
  A glowing orange brain (Depths:1)
  49 deep trolls
  A flayed ghost (Depths:1)
  23 sea snakes
  A death drake (shapeshifter) (D:14)
  A swamp dragon (Lair:5)
  Lodul (D:14)
  10 necromancers
  9 orc knights
  10 lindwurms
  5 wizards
  3 phantasmal warriors (Vaults:5)
  7 naga ritualists
  A sphinx zombie (Vaults:5)
  2 deep elf pyromancers
  28 ironbound convokers
  18 harpies
  5 mana vipers
  A fire giant zombie (Vaults:2)
  A cyclops (shapeshifter) (Vaults:5)
  12 elephants (Lair:3)
  13 manticores
  9 cyclopes
  12 fauns
  A wolf spider (Lair:5)
  28 salamanders
  36 ugly things
  A sphinx skeleton (Vaults:2)
  10 moths of wrath
  3 stone giant zombies
  Maurice (D:10)
  16 merfolk sirens
  16 vault sentinels
  11 guardian serpents
  45 black mambas
  A stone giant skeleton (Vaults:3)
  An ice statue (Shoals:1)
  4 water nymphs
  16 naga magi
  A water nymph (shapeshifter) (Vaults:5)
  A black mamba (shapeshifter) (Vaults:5)
  4 unseen horrors
  15 cane toads
  4 komodo dragons
  2 human zombies
  4 rime drakes
  29 yaktaurs
  5 freezing wraiths
  4 tengu conjurers
  A yaktaur skeleton (Vaults:2)
  13 trolls
  19 merfolk
  5 harpy zombies (Shoals:4)
  Grinder (D:6)
  4 polar bears (Lair:2)
  8 wind drakes
  10 hornets
  A merfolk (shapeshifter) (Vaults:5)
  17 blink frogs
  An ettin zombie (Vaults:5)
  9 dream sheep
  13 snapping turtles
  A flying skull (Vaults:3)
  2 shadows (D:12)
  36 slime creatures
  A frost giant simulacrum (Vaults:2)
  2 culicivoras (shapeshifter)
  15 water elementals
  A vampire (D:9)
  9 wraiths
  An elf simulacrum (Vaults:3)
  5 fire elementals (Snake:1)
  A basilisk (Lair:5)
  11 wyverns
  40 yaks
  4 redbacks (Lair:5)
  4 steam dragons
  Grum (D:10)
  6 vampire mosquitoes
  42 nagas
  6 wargs
  3 acid dragons
  16 water moccasins
  3 hell hounds (Snake:1)
  2 swamp drakes (Lair:5)
  A floating eye (Depths:2)
  An ice beast (D:7)
  27 orc warriors
  32 ogres
  6 black bears
  9 centaurs
  12 wolves
  2 phantoms
  Blork the orc (D:6)
  3 kobold brigands
  An entropy weaver simulacrum (Vaults:2)
  9 bullfrogs
  3 scorpions
  11 wights
  5 killer bees
  9 electric eels
  5 howler monkeys
  A jelly (D:4)
  4 hounds
  17 orc priests
  A sleepcap (D:6)
  Jessica (D:3)
  8 iguanas
  19 orc wizards
  4 hell rats (Lair:3)
  Robin (D:3)
  4 gnolls (Orc:1)
  12 adders
  A shadow imp (D:5)
  4 white imps
  3 ufetubi
  A worm (D:3)
  A dart slug (D:1)
  89 orcs
  4 ball pythons
  8 endoplasms
  3 giant cockroaches
  23 goblins
  7 hobgoblins
  3 jackals (D:2)
  5 quokkas
  6 bats
  3 frilled lizards
  14 kobolds
  A rat (D:3)
  A spectral weapon (Depths:3)
1760 creatures vanquished.

Vanquished Creatures (others)
  A deep elf pyromancer (D:14)
  A wizard (Vaults:4)
  A black mamba (Snake:3)
  A naga mage (Snake:4)
  A yaktaur (Vaults:5)
  A water elemental (Shoals:3)
  An orc wizard (Vaults:5)
  A quokka (D:4)
8 creatures vanquished.

Grand Total: 1768 creatures vanquished

Notes
Turn   | Place    | Note
-------+----------+-------------------------------------------
     0 | D:1      | qw the Gargoyle Fighter began the quest for the Orb.
     0 | D:1      | Reached XP level 1. HP: 14/14 MP: 1/1
     0 | D:1      | 0 ||| qw: Version: 0.2-a-101-gf424e7f
     0 | D:1      | 0 ||| qw: Game counter: 358
     0 | D:1      | 0 ||| qw: Always use a shield: true
     0 | D:1      | 0 ||| qw: God list: Okawaru
     0 | D:1      | 0 ||| qw: Allow faded altars: false
     0 | D:1      | 0 ||| qw: Do Orc after D:15 true
     0 | D:1      | 0 ||| qw: Do second Lair branch before Depths: true
     0 | D:1      | 0 ||| qw: Lair rune preference: random
     0 | D:1      | 0 ||| qw: Plans: Normal, Zot:1-4, Slime:5, God:TSO, Crypt,
                  | Tomb, Pan, Hells, Abyss, Win
     0 | D:1      | 0 ||| PLANNING D:1-11
   266 | D:1      | Reached XP level 2. HP: 19/19 MP: 2/2
   801 | D:1      | 801 ||| UPGRADING to +0 cloak.
   806 | D:1      | 806 ||| READING scroll labelled DAAPTE ZEACI.
   811 | D:1      | 811 ||| READING scroll labelled FIADUIROMI.
   812 | D:1      | 812 ||| READING scroll labelled ANIYFU MOAGAW.
   813 | D:1      | 813 ||| READING scroll labelled HOTAAM QEDU.
   814 | D:1      | 814 ||| DRINKING 2 sapphire potions.
   815 | D:1      | 815 ||| DROPPING potion of invisibility.
   892 | D:2      | Reached skill level 3 in Axes
   892 | D:2      | Reached XP level 3. HP: 23/23 MP: 3/3
   978 | D:2      | 978 ||| FLEEEEING.
   979 | D:2      | 979 ||| FLEEEEING.
   980 | D:2      | 980 ||| FLEEEEING.
   981 | D:2      | 981 ||| FLEEEEING.
   982 | D:2      | 982 ||| FLEEEEING.
   983 | D:2      | 983 ||| FLEEEEING.
   984 | D:2      | 984 ||| FLEEEEING.
   985 | D:2      | 985 ||| FLEEEEING.
   989 | D:2      | 989 ||| STAIRDANCE
  1021 | D:2      | Reached XP level 4. HP: 28/28 MP: 4/4
  1182 | D:2      | Found a faded altar of an unknown god.
  1214 | D:2      | 1214 ||| DROPPING +0 club.
  1419 | D:2      | 1419 ||| UPGRADING to +0 pair of gloves.
  1424 | D:2      | 1424 ||| READING scroll labelled ENKOEF MOLO.
  1425 | D:2      | 1425 ||| DRINKING 2 glowing green potions.
  1530 | D:2      | 1530 ||| DRINKING 3 puce potions.
  1531 | D:2      | 1531 ||| DROPPING potion of berserk rage.
  1532 | D:2      | 1532 ||| DROPPING 2 potions of brilliance.
  1642 | D:3      | 1642 ||| Stepping ~*~*~tactically~*~*~ (stealth).
  1736 | D:3      | 1736 ||| Stepping ~*~*~tactically~*~*~ (stealth).
  1738 | D:3      | 1738 ||| Stepping ~*~*~tactically~*~*~ (hiding).
  1739 | D:3      | 1739 ||| Stepping ~*~*~tactically~*~*~ (stealth).
  1740 | D:3      | 1740 ||| Stepping ~*~*~tactically~*~*~ (stealth).
  1758 | D:3      | Reached XP level 5. HP: 26/32 MP: 5/5
  1810 | D:3      | 1810 ||| Stepping ~*~*~tactically~*~*~ (hiding).
  1812 | D:3      | 1812 ||| Stepping ~*~*~tactically~*~*~ (hiding).
  1818 | D:3      | 1818 ||| Stepping ~*~*~tactically~*~*~ (stealth).
  1846 | D:3      | Noticed Jessica
  1848 | D:3      | 1848 ||| Stepping ~*~*~tactically~*~*~ (hiding).
  1857 | D:3      | Killed Jessica
  2034 | D:3      | 2034 ||| Stepping ~*~*~tactically~*~*~ (stealth).
  2039 | D:3      | 2039 ||| Stepping ~*~*~tactically~*~*~ (stealth).
  2044 | D:3      | Reached skill level 1 in Throwing
  2047 | D:3      | 2047 ||| Stepping ~*~*~tactically~*~*~ (hiding).
  2048 | D:3      | 2048 ||| Stepping ~*~*~tactically~*~*~ (hiding).
  2068 | D:3      | Noticed Robin
  2073 | D:3      | Killed Robin
  2238 | D:3      | Reached XP level 6. HP: 38/38 MP: 6/6
  2503 | D:3      | 2503 ||| UPGRADING to +0 plate armour.
  2513 | D:3      | 2513 ||| DROPPING +0 scale mail.
  2514 | D:3      | 2514 ||| UPGRADING to +0 helmet.
  2519 | D:3      | 2519 ||| DROPPING ring of wizardry.
  2520 | D:3      | 2520 ||| READING scroll labelled KISEMON BOAWNI.
  2521 | D:3      | 2521 ||| READING scroll labelled TAPTAG OSEAMULOINO.
  2522 | D:3      | 2522 ||| READING scroll labelled OTONNE HIDYKO.
  2523 | D:3      | 2523 ||| READING scroll labelled QOMMOE IFFIENT.
  2524 | D:3      | 2524 ||| READING scroll labelled ICRIUCL FOSUST.
  2525 | D:3      | 2525 ||| DRINKING 4 bubbling pink potions.
  2526 | D:3      | 2526 ||| DRINKING 2 fizzy dark potions.
  2527 | D:3      | 2527 ||| DROPPING potion of flight.
  2547 | D:4      | Noticed Eustachio
  2553 | D:4      | Reached skill level 4 in Fighting
  2559 | D:4      | HP: 9/38 [something (7)]
  2560 | D:4      | 2560 ||| READING scroll of teleportation.
  2562 | D:4      | 2562 ||| Stepping ~*~*~tactically~*~*~ (hiding).
  2570 | D:4      | HP: 7/38 [scorpion (4)]
  2589 | D:4      | 2589 ||| Stepping ~*~*~tactically~*~*~ (stealth).
  2590 | D:4      | 2590 ||| Stepping ~*~*~tactically~*~*~ (stealth).
  2591 | D:4      | 2591 ||| FLEEEEING.
  2599 | D:4      | 2599 ||| FLEEEEING.
  2600 | D:4      | 2600 ||| FLEEEEING.
  2602 | D:4      | 2602 ||| FLEEEEING.
  2603 | D:4      | 2603 ||| FLEEEEING.
  2604 | D:4      | 2604 ||| FLEEEEING.
  2605 | D:4      | 2605 ||| FLEEEEING.
  2606 | D:4      | 2606 ||| FLEEEEING.
  2607 | D:4      | 2607 ||| FLEEEEING.
  2608 | D:4      | 2608 ||| FLEEEEING.
  2609 | D:4      | 2609 ||| FLEEEEING.
  2610 | D:4      | 2610 ||| FLEEEEING.
  2611 | D:4      | 2611 ||| FLEEEEING.
  2612 | D:4      | 2612 ||| STAIRDANCE
  2686 | D:3      | 2686 ||| READING scroll labelled BOOLIY WINIST.
  2707 | D:4      | Found a white marble altar of Elyvilon.
  2742 | D:4      | 2742 ||| Stepping ~*~*~tactically~*~*~ (hiding).
  2743 | D:4      | 2743 ||| Stepping ~*~*~tactically~*~*~ (hiding).
  2744 | D:4      | 2744 ||| Stepping ~*~*~tactically~*~*~ (hiding).
  2757 | D:4      | 2757 ||| Stepping ~*~*~tactically~*~*~ (stealth).
  2759 | D:4      | 2759 ||| Stepping ~*~*~tactically~*~*~ (stealth).
  2769 | D:4      | 2769 ||| Stepping ~*~*~tactically~*~*~ (stealth).
  2770 | D:4      | 2770 ||| Stepping ~*~*~tactically~*~*~ (stealth).
  2786 | D:4      | 2786 ||| Stepping ~*~*~tactically~*~*~ (stealth).
  2787 | D:4      | 2787 ||| FLEEEEING.
  2834 | D:4      | Reached skill level 6 in Axes
  2910 | D:4      | 2910 ||| Stepping ~*~*~tactically~*~*~ (hiding).
  2911 | D:4      | 2911 ||| Stepping ~*~*~tactically~*~*~ (hiding).
  2912 | D:4      | 2912 ||| Stepping ~*~*~tactically~*~*~ (hiding).
  2913 | D:4      | 2913 ||| Stepping ~*~*~tactically~*~*~ (hiding).
  2917 | D:4      | 2917 ||| Stepping ~*~*~tactically~*~*~ (hiding).
  2922 | D:4      | Reached XP level 7. HP: 43/43 MP: 7/7
  2923 | D:4      | 2923 ||| Stepping ~*~*~tactically~*~*~ (stealth).
  3031 | D:4      | 3031 ||| DROPPING +0 whip.
  3111 | D:4      | 3111 ||| FLEEEEING.
  3112 | D:4      | 3112 ||| FLEEEEING.
  3113 | D:4      | 3113 ||| FLEEEEING.
  3114 | D:4      | 3114 ||| FLEEEEING.
  3115 | D:4      | 3115 ||| FLEEEEING.
  3116 | D:4      | 3116 ||| FLEEEEING.
  3117 | D:4      | 3117 ||| FLEEEEING.
  3118 | D:4      | 3118 ||| FLEEEEING.
  3119 | D:4      | 3119 ||| STAIRDANCE
  3134 | D:3      | 3134 ||| UPGRADING to amulet of regeneration.
  3139 | D:3      | 3139 ||| UPGRADING to ring of see invisible.
  3140 | D:3      | 3140 ||| READING scroll labelled WOMIUR YLLIF.
  3141 | D:3      | 3141 ||| READING scroll labelled QUTAIJ NERIU.
  3333 | D:5      | Entered Level 5 of the Dungeon
  3336 | D:5      | 3336 ||| STAIRDANCE
  3480 | D:5      | Found a staircase to the Ecumenical Temple.
  3481 | D:5      | 3481 ||| PLANNING TEMPLE
  3487 | Temple   | Entered the Ecumenical Temple
  3582 | Temple   | 3582 ||| PLANNING D:1-11
  3610 | D:5      | 3610 ||| DRINKING 3 potions of curing.
  3610 | D:5      | 3610 ||| (to cure confusion)
  3633 | D:5      | 3633 ||| Stepping ~*~*~tactically~*~*~ (stealth).
  3635 | D:5      | 3635 ||| Stepping ~*~*~tactically~*~*~ (stealth).
  3650 | D:5      | 3650 ||| Stepping ~*~*~tactically~*~*~ (stealth).
  3734 | D:5      | 3734 ||| Stepping ~*~*~tactically~*~*~ (stealth).
  3741 | D:5      | Reached skill level 5 in Fighting
  3741 | D:5      | Reached XP level 8. HP: 49/49 MP: 8/8
  3786 | D:5      | 3786 ||| DROPPING +0 flail.
  3928 | D:5      | 3928 ||| Stepping ~*~*~tactically~*~*~ (stealth).
  3930 | D:5      | 3930 ||| Stepping ~*~*~tactically~*~*~ (hiding).
  3931 | D:5      | 3931 ||| Stepping ~*~*~tactically~*~*~ (hiding).
  3941 | D:5      | 3941 ||| Stepping ~*~*~tactically~*~*~ (stealth).
  3942 | D:5      | 3942 ||| Stepping ~*~*~tactically~*~*~ (stealth).
  3947 | D:5      | Reached skill level 1 in Dodging
  4158 | D:5      | Found a runed translucent door.
  4215 | D:5      | 4215 ||| DRINKING 2 glowing black potions.
  4216 | D:5      | 4216 ||| DROPPING potion of degeneration.
  4364 | D:6      | 4364 ||| Stepping ~*~*~tactically~*~*~ (stealth).
  4379 | D:6      | 4379 ||| Stepping ~*~*~tactically~*~*~ (stealth).
  4388 | D:6      | 4388 ||| Stepping ~*~*~tactically~*~*~ (hiding).
  4389 | D:6      | 4389 ||| Stepping ~*~*~tactically~*~*~ (hiding).
  4416 | D:6      | 4416 ||| Stepping ~*~*~tactically~*~*~ (stealth).
  4439 | D:6      | 4439 ||| Stepping ~*~*~tactically~*~*~ (stealth).
  4455 | D:6      | Reached skill level 6 in Fighting
  4458 | D:6      | 4458 ||| Stepping ~*~*~tactically~*~*~ (stealth).
  4468 | D:6      | Reached XP level 9. HP: 56/56 MP: 9/9
  4484 | D:6      | Noticed Blork the orc
  4485 | D:6      | 4485 ||| Stepping ~*~*~tactically~*~*~ (hiding).
  4497 | D:6      | Killed Blork the orc
  4558 | D:6      | Noticed Grinder
  4559 | D:6      | 4559 ||| Stepping ~*~*~tactically~*~*~ (hiding).
  4565 | D:6      | Killed Grinder
  4566 | D:6      | Reached skill level 9 in Axes
  4647 | D:6      | Found an opulent altar of Gozag.
  4647 | D:6      | Found a sparkling altar of Nemelex Xobeh.
  4702 | D:6      | Reached skill level 6 in Armour
  4995 | D:6      | 4995 ||| UPGRADING to +2 pair of boots of flying.
  5000 | D:6      | 5000 ||| DROPPING ring of flight.
  5055 | D:7      | 5055 ||| Stepping ~*~*~tactically~*~*~ (hiding).
  5056 | D:7      | 5056 ||| Stepping ~*~*~tactically~*~*~ (hiding).
  5057 | D:7      | 5057 ||| Stepping ~*~*~tactically~*~*~ (hiding).
  5134 | D:7      | 5134 ||| Stepping ~*~*~tactically~*~*~ (stealth).
  5148 | D:7      | 5148 ||| Stepping ~*~*~tactically~*~*~ (hiding).
  5164 | D:7      | Reached skill level 7 in Fighting
  5202 | D:7      | Found an iron altar of Okawaru.
  5203 | D:7      | 5203 ||| PLANNING OKAWARU WORSHIP
  5331 | D:7      | 5331 ||| DRINKING 2 yellow potions.
  5331 | D:7      | Gained mutation: Your flesh is cold resistant. (rC+)
                  | [potion of mutation]
  5383 | D:7      | Became a worshipper of Warmaster Okawaru
  5383 | D:7      | 5383 ||| PLANNING D:1-11
  5454 | D:7      | 5454 ||| Stepping ~*~*~tactically~*~*~ (stealth).
  5455 | D:7      | 5455 ||| Stepping ~*~*~tactically~*~*~ (stealth).
  5488 | D:7      | Found a flagged portal.
  5808 | D:7      | 5808 ||| READING scroll labelled OCUHIO KUBLEOC.
  5809 | D:7      | 5809 ||| READING 2 scrolls of identify.
  5809 | D:7      | 5809 ||| IDENTIFYING fuming sapphire potion
  5868 | D:8      | Reached XP level 10. HP: 53/63 MP: 10/10
  5891 | D:8      | 5891 ||| Stepping ~*~*~tactically~*~*~ (stealth).
  5892 | D:8      | 5892 ||| Stepping ~*~*~tactically~*~*~ (stealth).
  5893 | D:8      | 5893 ||| Stepping ~*~*~tactically~*~*~ (stealth).
  5995 | D:8      | Reached * piety under Okawaru
  6000 | D:8      | Reached skill level 1 in Invocations
  6008 | D:8      | 6008 ||| INVOKING Heroism.
  6018 | D:8      | Reached skill level 8 in Fighting
  6128 | D:8      | Found a broken altar of Ashenzari.
  6271 | D:8      | 6271 ||| Stepping ~*~*~tactically~*~*~ (stealth).
  6278 | D:8      | Reached skill level 3 in Invocations
  6304 | D:8      | 6304 ||| Stepping ~*~*~tactically~*~*~ (stealth).
  6324 | D:8      | 6324 ||| Stepping ~*~*~tactically~*~*~ (hiding).
  6326 | D:8      | Found a staircase to the Lair.
  6336 | D:8      | Reached ** piety under Okawaru
  6754 | D:8      | 6754 ||| PLANNING LAIR
  6754 | D:8      | 6754 ||| DRINKING 2 black potions.
  6755 | D:8      | 6755 ||| DRINKING 4 potions of curing.
  6755 | D:8      | 6755 ||| (to cure confusion)
  6756 | D:8      | 6756 ||| READING 2 scrolls of identify.
  6756 | D:8      | 6756 ||| IDENTIFYING fuming white potion
  6757 | D:8      | 6757 ||| DROPPING potion of ambrosia.
  6790 | Lair:1   | Entered Level 1 of the Lair of Beasts
  6791 | Lair:1   | 6791 ||| INVOKING Heroism.
  6797 | Lair:1   | Reached skill level 3 in Throwing
  6821 | Lair:1   | 6821 ||| Stepping ~*~*~tactically~*~*~ (hiding).
  6940 | Lair:1   | 6940 ||| INVOKING Heroism.
  6989 | Lair:1   | Noticed a black mamba
  6990 | Lair:1   | 6990 ||| INVOKING Heroism.
  6995 | Lair:1   | Killed a black mamba
  7121 | Lair:1   | 7121 ||| READING scroll of brand weapon.
  7121 | Lair:1   | 7121 ||| BRANDING +0 war axe of electrocution.
  7135 | Lair:1   | 7135 ||| Stepping ~*~*~tactically~*~*~ (stealth).
  7145 | Lair:1   | 7145 ||| INVOKING Heroism.
  7154 | Lair:1   | Reached XP level 11. HP: 68/68 MP: 12/14
  7720 | Lair:1   | 7720 ||| UPGRADING to +4 ring of slaying {mikee}.
  7756 | Lair:2   | 7756 ||| INVOKING Heroism.
  7771 | Lair:2   | 7771 ||| STAIRDANCE
  7773 | Lair:1   | 7773 ||| INVOKING Heroism.
  7841 | Lair:2   | 7841 ||| Stepping ~*~*~tactically~*~*~ (stealth).
  7842 | Lair:2   | 7842 ||| INVOKING Heroism.
  7844 | Lair:2   | 7844 ||| Stepping ~*~*~tactically~*~*~ (stealth).
  7849 | Lair:2   | Reached *** piety under Okawaru
  7857 | Lair:2   | Reached skill level 9 in Fighting
  7882 | Lair:2   | 7882 ||| Stepping ~*~*~tactically~*~*~ (stealth).
  7884 | Lair:2   | 7884 ||| Stepping ~*~*~tactically~*~*~ (hiding).
  7896 | Lair:2   | 7896 ||| Stepping ~*~*~tactically~*~*~ (stealth).
  7920 | Lair:2   | 7920 ||| INVOKING Heroism.
  7928 | Lair:2   | Reached skill level 9 in Armour
  7937 | Lair:2   | 7937 ||| INVOKING Heroism.
  7979 | Lair:2   | 7979 ||| READING scroll of enchant armour.
  7979 | Lair:2   | 7979 ||| ENCHANTING +0 pair of gloves.
  7989 | Lair:2   | 7989 ||| Stepping ~*~*~tactically~*~*~ (stealth).
  8002 | Lair:2   | 8002 ||| Stepping ~*~*~tactically~*~*~ (stealth).
  8007 | Lair:2   | 8007 ||| INVOKING Heroism.
  8047 | Lair:2   | Found a staircase to the Shoals.
  8092 | Lair:2   | 8092 ||| Stepping ~*~*~tactically~*~*~ (stealth).
  8094 | Lair:2   | Noticed a manticore
  8095 | Lair:2   | 8095 ||| INVOKING Heroism.
  8105 | Lair:2   | Killed a manticore
  8105 | Lair:2   | Reached **** piety under Okawaru
  8105 | Lair:2   | Received a gift from Okawaru
  8114 | Lair:2   | Reached skill level 12 in Axes
  8206 | Lair:2   | 8206 ||| SWAPPING to +0 broad axe.
  8207 | Lair:2   | 8207 ||| DROPPING +0 heavy war axe.
  8350 | Lair:2   | 8350 ||| INVOKING Heroism.
  8395 | Lair:2   | 8395 ||| INVOKING Heroism.
  8421 | Lair:2   | 8421 ||| READING scroll of enchant armour.
  8421 | Lair:2   | 8421 ||| ENCHANTING +1 pair of gloves.
  8447 | Lair:2   | 8447 ||| INVOKING Heroism.
  8458 | Lair:2   | Reached skill level 6 in Invocations
  8502 | Lair:2   | 8502 ||| Stepping ~*~*~tactically~*~*~ (stealth).
  8504 | Lair:2   | 8504 ||| Stepping ~*~*~tactically~*~*~ (stealth).
  8507 | Lair:2   | Reached XP level 12. HP: 76/76 MP: 16/16
  8510 | Lair:2   | Reached skill level 6 in Shields
  8519 | Lair:2   | 8519 ||| Stepping ~*~*~tactically~*~*~ (stealth).
  8990 | Lair:3   | 8990 ||| Stepping ~*~*~tactically~*~*~ (hiding).
  9009 | Lair:3   | Found a staircase to the Snake Pit.
  9031 | Lair:3   | 9031 ||| Stepping ~*~*~tactically~*~*~ (stealth).
  9043 | Lair:3   | 9043 ||| INVOKING Heroism.
  9069 | Lair:3   | Reached ***** piety under Okawaru
  9070 | Lair:3   | Reached skill level 10 in Fighting
  9258 | Lair:3   | Found a dark tunnel.
  9291 | Lair:3   | 9291 ||| INVOKING Heroism.
  9427 | Lair:3   | Reached skill level 9 in Invocations
  9631 | Lair:3   | Found a blossoming altar of Fedhas.
  9858 | Lair:3   | 9858 ||| DRINKING 2 brown potions.
  9859 | Lair:3   | 9859 ||| DRINKING 2 emerald potions.
  9956 | Lair:4   | Noticed a death yak
  9957 | Lair:4   | 9957 ||| INVOKING Heroism.
  9958 | Lair:4   | 9958 ||| INVOKING Finesse.
  9960 | Lair:4   | Noticed a death yak
  9965 | Lair:4   | Killed a death yak
  9965 | Lair:4   | Identified the +3 plate armour of Peux Yhe {rC++ rCorr
                  | Dex-5} (Okawaru gifted it to you on level 4 of the Lair of
                  | Beasts)
  9965 | Lair:4   | Received a gift from Okawaru
  9967 | Lair:4   | Noticed a death yak
  9971 | Lair:4   | Noticed a death yak
  9972 | Lair:4   | Killed a death yak
  9973 | Lair:4   | Noticed a death yak
  9980 | Lair:4   | Killed a death yak
  9997 | Lair:4   | Killed a death yak
 10000 | Lair:4   | Killed a death yak
 10001 | Lair:4   | Reached XP level 13. HP: 46/82 MP: 14/20
 10079 | Lair:4   | 10079 ||| INVOKING Heroism.
 10080 | Lair:4   | 10080 ||| INVOKING Finesse.
 10090 | Lair:4   | 10090 ||| SWAPPING to +2 morningstar of protection.
 10099 | Lair:4   | 10099 ||| SWAPPING to +0 broad axe.
 10145 | Lair:4   | 10145 ||| INVOKING Heroism.
 10350 | Lair:4   | Found a viscous altar of Jiyva.
 10350 | Lair:4   | Found a staircase to the Slime Pits.
 10718 | Lair:4   | 10718 ||| UPGRADING to +3 plate armour of Peux Yhe {rC++
                  | rCorr Dex-5}.
 10728 | Lair:4   | 10728 ||| DROPPING +0 plate armour.
 10729 | Lair:4   | 10729 ||| DRINKING 2 viscous brown potions.
 10770 | Lair:5   | Entered Level 5 of the Lair of Beasts
 10836 | Lair:5   | 10836 ||| INVOKING Heroism.
 10887 | Lair:5   | 10887 ||| Stepping ~*~*~tactically~*~*~ (stealth).
 10889 | Lair:5   | 10889 ||| Stepping ~*~*~tactically~*~*~ (stealth).
 10996 | Lair:5   | 10996 ||| INVOKING Heroism.
 11206 | Lair:5   | 11206 ||| INVOKING Heroism.
 11208 | Lair:5   | Received a gift from Okawaru
 11250 | Lair:5   | 11250 ||| Stepping ~*~*~tactically~*~*~ (stealth).
 11335 | Lair:5   | Identified the +1 leather armour of Integrity {Dex+3}
 11346 | Lair:5   | 11346 ||| INVOKING Heroism.
 11355 | Lair:5   | Reached skill level 11 in Fighting
 11404 | Lair:5   | 11404 ||| READING 3 scrolls of enchant armour.
 11404 | Lair:5   | 11404 ||| ENCHANTING +0 helmet.
 11405 | Lair:5   | 11405 ||| READING 2 scrolls of enchant armour.
 11405 | Lair:5   | 11405 ||| ENCHANTING +1 helmet.
 11406 | Lair:5   | 11406 ||| READING scroll of enchant armour.
 11406 | Lair:5   | 11406 ||| ENCHANTING +0 cloak.
 11437 | Lair:5   | Received a gift from Okawaru
 11455 | Lair:5   | 11455 ||| Stepping ~*~*~tactically~*~*~ (stealth).
 11457 | Lair:5   | 11457 ||| INVOKING Heroism.
 11491 | Lair:5   | 11491 ||| INVOKING Heroism.
 11519 | Lair:5   | 11519 ||| Stepping ~*~*~tactically~*~*~ (stealth).
 11524 | Lair:5   | 11524 ||| Stepping ~*~*~tactically~*~*~ (stealth).
 11526 | Lair:5   | 11526 ||| Stepping ~*~*~tactically~*~*~ (stealth).
 11528 | Lair:5   | 11528 ||| Stepping ~*~*~tactically~*~*~ (stealth).
 11530 | Lair:5   | 11530 ||| Stepping ~*~*~tactically~*~*~ (hiding).
 11562 | Lair:5   | 11562 ||| Stepping ~*~*~tactically~*~*~ (stealth).
 11587 | Lair:5   | 11587 ||| Stepping ~*~*~tactically~*~*~ (hiding).
 11593 | Lair:5   | Noticed a fire dragon
 11594 | Lair:5   | 11594 ||| INVOKING Heroism.
 11595 | Lair:5   | 11595 ||| INVOKING Finesse.
 11602 | Lair:5   | 11602 ||| Stepping ~*~*~tactically~*~*~ (hiding).
 11603 | Lair:5   | 11603 ||| Stepping ~*~*~tactically~*~*~ (hiding).
 11618 | Lair:5   | Killed a fire dragon
 11619 | Lair:5   | 11619 ||| Stepping ~*~*~tactically~*~*~ (cloud).
 11630 | Lair:5   | 11630 ||| Stepping ~*~*~tactically~*~*~ (cloud).
 11693 | Lair:5   | 11693 ||| Stepping ~*~*~tactically~*~*~ (stealth).
 11807 | Lair:5   | Found a runed translucent door.
 11814 | Lair:5   | 11814 ||| Stepping ~*~*~tactically~*~*~ (stealth).
 11832 | Lair:5   | Received a gift from Okawaru
 11838 | Lair:5   | 11838 ||| INVOKING Heroism.
 11865 | Lair:5   | Noticed qw's ghost (journeyman GrFi)
 11949 | Lair:5   | Gained mutation: Your large and strong wings let you fly.
                  | [Gargoyle growth]
 11949 | Lair:5   | Reached XP level 14. HP: 90/90 MP: 21/21
 12261 | Lair:5   | 12261 ||| PLANNING D:1-11
 12261 | Lair:5   | 12261 ||| UPGRADING to +2 buckler.
 12271 | Lair:5   | 12271 ||| DROPPING +0 buckler.
 12272 | Lair:5   | 12272 ||| READING 2 scrolls labelled GAVATAI ARHIC.
 12273 | Lair:5   | 12273 ||| READING scroll of enchant weapon.
 12273 | Lair:5   | 12273 ||| ENCHANTING +1 broad axe.
 12274 | Lair:5   | 12274 ||| READING scroll labelled CIUXICKOAH.
 12291 | Lair:5   | 12291 ||| READING 3 scrolls of identify.
 12291 | Lair:5   | 12291 ||| IDENTIFYING clear potion
 12476 | D:9      | Identified the ring "Radau" {rPois rN+ Will+ Int+3 Dex-5}
 12514 | D:9      | 12514 ||| INVOKING Heroism.
 12515 | D:9      | 12515 ||| INVOKING Finesse.
 12644 | D:9      | Reached skill level 15 in Axes
 12718 | D:9      | 12718 ||| Stepping ~*~*~tactically~*~*~ (hiding).
 13032 | D:9      | Found a hazy altar of Hepliaklqana.
 13037 | D:9      | Found a shimmering blue altar of Sif Muna.
 13037 | D:9      | Found a stormy altar of Qazlal.
 13285 | D:9      | 13285 ||| DROPPING ring "Radau" {rPois rN+ Will+ Int+3
                  | Dex-5}.
 13286 | D:9      | 13286 ||| UPGRADING to +5 ring of evasion.
 13288 | D:9      | 13288 ||| DROPPING ring of see invisible.
 13324 | D:10     | Entered Level 10 of the Dungeon
 13343 | D:10     | Noticed Maurice
 13344 | D:10     | 13344 ||| Stepping ~*~*~tactically~*~*~ (hiding).
 13345 | D:10     | 13345 ||| Stepping ~*~*~tactically~*~*~ (hiding).
 13348 | D:10     | 13348 ||| Stepping ~*~*~tactically~*~*~ (hiding).
 13359 | D:10     | 13359 ||| Stepping ~*~*~tactically~*~*~ (hiding).
 13360 | D:10     | 13360 ||| Stepping ~*~*~tactically~*~*~ (hiding).
 13362 | D:10     | 13362 ||| Stepping ~*~*~tactically~*~*~ (hiding).
 13379 | D:10     | Killed Maurice
 13382 | D:10     | 13382 ||| READING scroll of enchant armour.
 13382 | D:10     | 13382 ||| ENCHANTING +1 cloak.
 13537 | D:10     | 13537 ||| Stepping ~*~*~tactically~*~*~ (hiding).
 13546 | D:10     | Received a gift from Okawaru
 13735 | D:10     | 13735 ||| Stepping ~*~*~tactically~*~*~ (stealth).
 13736 | D:10     | 13736 ||| Stepping ~*~*~tactically~*~*~ (stealth).
 13768 | D:10     | 13768 ||| READING 4 scrolls of identify.
 13768 | D:10     | 13768 ||| IDENTIFYING glowing clear potion
 13769 | D:10     | 13769 ||| Stepping randomly (disturbance).
 13862 | D:10     | Found a staircase to the Orcish Mines.
 13873 | D:10     | Noticed Grum
 13874 | D:10     | 13874 ||| Stepping ~*~*~tactically~*~*~ (hiding).
 13880 | D:10     | 13880 ||| INVOKING Heroism.
 13882 | D:10     | 13882 ||| INVOKING Finesse.
 13892 | D:10     | Killed Grum
 14000 | D:10     | 14000 ||| FLEEEEING.
 14001 | D:10     | 14001 ||| FLEEEEING.
 14002 | D:10     | 14002 ||| FLEEEEING.
 14008 | D:10     | 14008 ||| INVOKING Heroism.
 14229 | D:10     | Noticed Josephine
 14244 | D:10     | Killed Josephine
 14501 | D:11     | Reached skill level 12 in Fighting
 14655 | D:11     | 14655 ||| Stepping ~*~*~tactically~*~*~ (stealth).
 14963 | D:11     | 14963 ||| PLANNING D
 14982 | D:12     | 14982 ||| Stepping ~*~*~tactically~*~*~ (hiding).
 15104 | D:12     | Noticed Nergalle
 15105 | D:12     | 15105 ||| Stepping ~*~*~tactically~*~*~ (hiding).
 15117 | D:12     | Killed Nergalle
 15121 | D:12     | Reached skill level 12 in Armour
 15121 | D:12     | 15121 ||| Stepping ~*~*~tactically~*~*~ (hiding).
 15124 | D:12     | 15124 ||| Stepping ~*~*~tactically~*~*~ (hiding).
 15126 | D:12     | 15126 ||| Stepping ~*~*~tactically~*~*~ (hiding).
 15128 | D:12     | 15128 ||| Stepping ~*~*~tactically~*~*~ (hiding).
 15144 | D:12     | 15144 ||| READING scroll of enchant weapon.
 15144 | D:12     | 15144 ||| ENCHANTING +2 broad axe.
 15184 | D:12     | 15184 ||| Stepping ~*~*~tactically~*~*~ (stealth).
 15346 | D:12     | 15346 ||| Stepping ~*~*~tactically~*~*~ (stealth).
 15348 | D:12     | 15348 ||| Stepping ~*~*~tactically~*~*~ (stealth).
 15350 | D:12     | 15350 ||| Stepping ~*~*~tactically~*~*~ (stealth).
 15352 | D:12     | 15352 ||| Stepping ~*~*~tactically~*~*~ (stealth).
 15373 | D:12     | Received a gift from Okawaru
 15496 | D:12     | 15496 ||| DROPPING scarf of invisibility.
 15497 | D:12     | 15497 ||| READING scroll labelled BUCWYOSTIO.
 15661 | D:13     | 15661 ||| INVOKING Heroism.
 15662 | D:13     | 15662 ||| INVOKING Finesse.
 15800 | D:13     | Received a gift from Okawaru
 15875 | D:13     | Found a gate to the Vaults.
 16406 | D:13     | Found a shimmering blue altar of Sif Muna.
 16466 | D:13     | 16466 ||| Stepping ~*~*~tactically~*~*~ (hiding).
 16479 | D:13     | 16479 ||| INVOKING Heroism.
 16577 | D:13     | 16577 ||| UPGRADING to amulet of reflection.
 16587 | D:13     | 16587 ||| DROPPING amulet of regeneration.
 16708 | D:14     | Received a gift from Okawaru
 16724 | D:14     | 16724 ||| DROPPING +1 morningstar of protection.
 16769 | D:14     | Reached XP level 15. HP: 96/96 MP: 22/22
 16876 | D:14     | 16876 ||| INVOKING Heroism.
 17063 | D:14     | 17063 ||| Stepping ~*~*~tactically~*~*~ (stealth).
 17064 | D:14     | Noticed Lodul
 17065 | D:14     | 17065 ||| Stepping ~*~*~tactically~*~*~ (hiding).
 17084 | D:14     | Killed Lodul
 17128 | D:14     | Noticed Frances
 17128 | D:14     | 17128 ||| Stepping ~*~*~tactically~*~*~ (stealth).
 17174 | D:14     | 17174 ||| Stepping ~*~*~tactically~*~*~ (stealth).
 17176 | D:14     | 17176 ||| Stepping ~*~*~tactically~*~*~ (stealth).
 17178 | D:14     | 17178 ||| INVOKING Heroism.
 17179 | D:14     | 17179 ||| INVOKING Finesse.
 17209 | D:14     | Killed Frances
 17219 | D:14     | 17219 ||| INVOKING Heroism.
 17328 | D:14     | 17328 ||| Stepping ~*~*~tactically~*~*~ (stealth).
 17452 | D:14     | 17452 ||| Stepping ~*~*~tactically~*~*~ (hiding).
 17608 | D:14     | 17608 ||| Stepping ~*~*~tactically~*~*~ (hiding).
 17773 | D:14     | 17773 ||| UPGRADING to +0 kite shield of cold resistance.
 17783 | D:14     | 17783 ||| DROPPING +2 buckler.
 17784 | D:14     | 17784 ||| DROPPING amulet of the acrobat.
 17789 | D:14     | 17789 ||| INVOKING Heroism.
 17790 | D:14     | 17790 ||| SWAPPING to +2 morningstar of protection.
 17791 | D:14     | 17791 ||| INVOKING Finesse.
 17799 | D:14     | 17799 ||| SWAPPING to +3 broad axe.
 17941 | D:15     | Entered Level 15 of the Dungeon
 17951 | D:15     | 17951 ||| Stepping ~*~*~tactically~*~*~ (hiding).
 18029 | D:15     | 18029 ||| Stepping ~*~*~tactically~*~*~ (hiding).
 18053 | D:15     | 18053 ||| Stepping ~*~*~tactically~*~*~ (hiding).
 18061 | D:15     | Received a gift from Okawaru
 18208 | D:15     | 18208 ||| Stepping ~*~*~tactically~*~*~ (hiding).
 18225 | D:15     | Noticed Agnes
 18226 | D:15     | 18226 ||| Stepping ~*~*~tactically~*~*~ (stealth).
 18227 | D:15     | 18227 ||| Stepping ~*~*~tactically~*~*~ (stealth).
 18229 | D:15     | 18229 ||| Stepping ~*~*~tactically~*~*~ (stealth).
 18231 | D:15     | 18231 ||| INVOKING Heroism.
 18245 | D:15     | Killed Agnes
 18246 | D:15     | Reached skill level 9 in Shields
 18344 | D:15     | 18344 ||| Stepping ~*~*~tactically~*~*~ (stealth).
 18346 | D:15     | 18346 ||| Stepping ~*~*~tactically~*~*~ (hiding).
 18349 | D:15     | 18349 ||| INVOKING Heroism.
 18380 | D:15     | 18380 ||| Stepping ~*~*~tactically~*~*~ (stealth).
 18411 | D:15     | 18411 ||| Stepping ~*~*~tactically~*~*~ (hiding).
 18456 | D:15     | 18456 ||| Stepping ~*~*~tactically~*~*~ (hiding).
 18497 | D:15     | Found a staircase to the Depths.
 18506 | D:15     | 18506 ||| INVOKING Heroism.
 18623 | D:15     | 18623 ||| Stepping ~*~*~tactically~*~*~ (stealth).
 18625 | D:15     | 18625 ||| Stepping ~*~*~tactically~*~*~ (stealth).
 18688 | D:15     | 18688 ||| Stepping ~*~*~tactically~*~*~ (hiding).
 18751 | D:15     | 18751 ||| Stepping ~*~*~tactically~*~*~ (stealth).
 18753 | D:15     | 18753 ||| Stepping ~*~*~tactically~*~*~ (hiding).
 18926 | D:15     | 18926 ||| PLANNING ORC
 19077 | Orc:1    | Entered Level 1 of the Orcish Mines
 19125 | Orc:2    | Entered Level 2 of the Orcish Mines
 19125 | Orc:2    | Found a staircase to the Elven Halls.
 19435 | Orc:1    | Found a burning altar of Makhleb.
 19613 | Orc:1    | Noticed an orc warlord
 19614 | Orc:1    | 19614 ||| INVOKING Heroism.
 19615 | Orc:1    | 19615 ||| INVOKING Finesse.
 19629 | Orc:1    | Killed an orc warlord
 19629 | Orc:1    | Received a gift from Okawaru
 19771 | Orc:2    | 19771 ||| INVOKING Heroism.
 19874 | Orc:2    | 19874 ||| Stepping ~*~*~tactically~*~*~ (stealth).
 19875 | Orc:2    | 19875 ||| INVOKING Heroism.
 19876 | Orc:2    | 19876 ||| Stepping ~*~*~tactically~*~*~ (stealth).
 19878 | Orc:2    | 19878 ||| Stepping ~*~*~tactically~*~*~ (stealth).
 19927 | Orc:2    | Reached skill level 12 in Shields
 19935 | Orc:2    | Reached XP level 16. HP: 92/101 MP: 23/23
 19948 | Orc:2    | 19948 ||| INVOKING Heroism.
 19952 | Orc:2    | Found Vutz's Assorted Antiques.
 19987 | Orc:2    | Received a gift from Okawaru
 20015 | Orc:2    | Found Suawefae's General Store.
 20015 | Orc:2    | Found Qeilofar's Assorted Antiques.
 20089 | Orc:2    | 20089 ||| BUYING potion of curing (117 gold).
 20089 | Orc:2    | Bought a potion of curing for 117 gold pieces
 20089 | Orc:2    | 20089 ||| BUYING scroll of enchant armour (292 gold).
 20089 | Orc:2    | Bought a scroll of enchant armour for 292 gold pieces
 20093 | Orc:2    | 20093 ||| DROPPING +2 morningstar of protection.
 20142 | Orc:2    | 20142 ||| BUYING 2 potions of magic (400 gold).
 20142 | Orc:2    | Bought 2 potions of magic for 400 gold pieces
 20142 | Orc:2    | 20142 ||| SHOPLISTING crystal plate armour (2000 gold, have
                  | 1586).
 20142 | Orc:2    | 20142 ||| BUYING scroll of brand weapon (237 gold).
 20142 | Orc:2    | Bought a scroll of brand weapon for 237 gold pieces
 20142 | Orc:2    | 20142 ||| BUYING scroll of teleportation (75 gold).
 20142 | Orc:2    | Bought a scroll of teleportation for 75 gold pieces
 20142 | Orc:2    | 20142 ||| READING scroll of brand weapon.
 20142 | Orc:2    | 20142 ||| BRANDING +3 broad axe.
 20145 | Orc:2    | Found Venliwus's Jewellery Emporium.
 20154 | Orc:2    | 20154 ||| BUYING ring of fire (350 gold).
 20154 | Orc:2    | Bought a ring of fire for 350 gold pieces
 20233 | Orc:2    | Found Nemucest's Jewellery Shop.
 20242 | Orc:2    | 20242 ||| BUYING ring "Biefaxku" {Fly rF+ rN++ Str-3 Int+3}
                  | (579 gold).
 20242 | Orc:2    | Bought the ring "Biefaxku" {Fly rF+ rN++ Str-3 Int+3} for
                  | 579 gold pieces
 20242 | Orc:2    | 20242 ||| SHOPLISTING ring of Irucves {rPois MP+9 EV+5
                  | Int-2 Dex+3} (886 gold, have 351).
 20242 | Orc:2    | 20242 ||| BUYING ring of fire (325 gold).
 20242 | Orc:2    | Bought a ring of fire for 325 gold pieces
 20293 | Orc:2    | Found a runed translucent gate.
 20293 | Orc:2    | Found a runed translucent gate.
 20295 | Orc:2    | Found a runed translucent gate.
 20295 | Orc:2    | Found an iron altar of Okawaru.
 20295 | Orc:2    | Found the +8 Wrath of Trog {antimagic, *Rage Rampage}
 20295 | Orc:2    | Noticed qw's ghost (journeyman GrFi)
 20524 | Orc:2    | 20524 ||| PLANNING SNAKE:1-3
 20701 | Snake:1  | Entered Level 1 of the Snake Pit
 20709 | Snake:1  | Noticed TuffENuff's ghost (adept FoFi)
 20721 | Snake:1  | Reached skill level 13 in Fighting
 20721 | Snake:1  | Found a transporter.
 20928 | Snake:1  | Noticed Jorgrun
 20929 | Snake:1  | 20929 ||| INVOKING Heroism.
 20930 | Snake:1  | 20930 ||| INVOKING Finesse.
 20942 | Snake:1  | Killed Jorgrun
 21211 | Snake:1  | Found a transporter.
 21222 | Snake:1  | 21222 ||| Stepping ~*~*~tactically~*~*~ (hiding).
 21223 | Snake:1  | 21223 ||| Stepping ~*~*~tactically~*~*~ (hiding).
 21224 | Snake:1  | 21224 ||| Stepping ~*~*~tactically~*~*~ (hiding).
 21226 | Snake:1  | 21226 ||| Stepping ~*~*~tactically~*~*~ (hiding).
 21226 | Snake:1  | Noticed Aizul
 21227 | Snake:1  | 21227 ||| Stepping ~*~*~tactically~*~*~ (hiding).
 21231 | Snake:1  | 21231 ||| INVOKING Heroism.
 21246 | Snake:1  | Killed Aizul
 21282 | Snake:1  | 21282 ||| Stepping ~*~*~tactically~*~*~ (stealth).
 21383 | Snake:1  | Noticed Donald
 21384 | Snake:1  | 21384 ||| Stepping ~*~*~tactically~*~*~ (hiding).
 21388 | Snake:1  | 21388 ||| INVOKING Heroism.
 21394 | Snake:1  | 21394 ||| Stepping ~*~*~tactically~*~*~ (hiding).
 21398 | Snake:1  | 21398 ||| Stepping ~*~*~tactically~*~*~ (hiding).
 21404 | Snake:1  | Killed Donald
 21405 | Snake:1  | Reached skill level 6 in Throwing
 21413 | Snake:1  | Noticed Azrael
 21414 | Snake:1  | 21414 ||| INVOKING Finesse.
 21420 | Snake:1  | 21420 ||| Stepping ~*~*~tactically~*~*~ (hiding).
 21424 | Snake:1  | 21424 ||| Stepping ~*~*~tactically~*~*~ (hiding).
 21433 | Snake:1  | Killed Azrael
 21445 | Snake:1  | 21445 ||| Stepping ~*~*~tactically~*~*~ (hiding).
 21778 | Snake:1  | 21778 ||| DROPPING +6 ring of strength.
 21800 | Snake:2  | 21800 ||| INVOKING Heroism.
 21898 | Snake:2  | 21898 ||| INVOKING Heroism.
 21977 | Snake:2  | 21977 ||| Stepping ~*~*~tactically~*~*~ (hiding).
 22006 | Snake:2  | 22006 ||| Stepping ~*~*~tactically~*~*~ (stealth).
 22021 | Snake:2  | 22021 ||| Stepping ~*~*~tactically~*~*~ (stealth).
 22023 | Snake:2  | 22023 ||| Stepping ~*~*~tactically~*~*~ (stealth).
 22059 | Snake:2  | 22059 ||| Stepping ~*~*~tactically~*~*~ (hiding).
 22174 | Snake:2  | 22174 ||| Stepping ~*~*~tactically~*~*~ (hiding).
 22175 | Snake:2  | 22175 ||| Stepping ~*~*~tactically~*~*~ (hiding).
 22182 | Snake:2  | 22182 ||| INVOKING Heroism.
 22384 | Snake:2  | Reached skill level 18 in Axes
 22605 | Snake:2  | 22605 ||| Stepping ~*~*~tactically~*~*~ (stealth).
 22741 | Snake:2  | Found Unimea's Book Boutique.
 22745 | Snake:2  | Found Suggicrisi's Jewellery Shoppe.
 22746 | Snake:2  | Found Yrio's Book Boutique.
 23035 | Snake:2  | 23035 ||| UPGRADING to +0 tower shield.
 23045 | Snake:2  | 23045 ||| DROPPING +0 kite shield of cold resistance.
 23106 | Snake:3  | Noticed a nagaraja
 23107 | Snake:3  | 23107 ||| INVOKING Heroism.
 23122 | Snake:3  | Killed a nagaraja
 23123 | Snake:3  | Reached XP level 17. HP: 104/108 MP: 18/24
 23216 | Snake:3  | 23216 ||| Stepping ~*~*~tactically~*~*~ (hiding).
 23218 | Snake:3  | 23218 ||| Stepping ~*~*~tactically~*~*~ (hiding).
 23220 | Snake:3  | 23220 ||| Stepping ~*~*~tactically~*~*~ (hiding).
 23222 | Snake:3  | 23222 ||| Stepping ~*~*~tactically~*~*~ (hiding).
 23223 | Snake:3  | 23223 ||| Stepping ~*~*~tactically~*~*~ (hiding).
 23224 | Snake:3  | 23224 ||| Stepping ~*~*~tactically~*~*~ (hiding).
 23225 | Snake:3  | 23225 ||| Stepping ~*~*~tactically~*~*~ (hiding).
 23227 | Snake:3  | 23227 ||| Stepping ~*~*~tactically~*~*~ (hiding).
 23228 | Snake:3  | 23228 ||| Stepping ~*~*~tactically~*~*~ (hiding).
 23363 | Snake:3  | 23363 ||| FLEEEEING.
 23552 | Snake:3  | 23552 ||| Stepping ~*~*~tactically~*~*~ (hiding).
 23553 | Snake:3  | 23553 ||| Stepping ~*~*~tactically~*~*~ (hiding).
 23557 | Snake:3  | 23557 ||| Stepping ~*~*~tactically~*~*~ (stealth).
 23825 | Snake:3  | 23825 ||| INVOKING Heroism.
 23833 | Snake:3  | Identified the +2 robe of Lust {rPois} (Okawaru gifted it
                  | to you on level 3 of the Snake Pit)
 23833 | Snake:3  | Received a gift from Okawaru
 23877 | Snake:3  | Reached skill level 15 in Shields
 24128 | Snake:3  | 24128 ||| Stepping ~*~*~tactically~*~*~ (hiding).
 24136 | Snake:3  | 24136 ||| INVOKING Heroism.
 24191 | Snake:3  | 24191 ||| Stepping ~*~*~tactically~*~*~ (hiding).
 24192 | Snake:3  | 24192 ||| Stepping ~*~*~tactically~*~*~ (hiding).
 24194 | Snake:3  | 24194 ||| Stepping ~*~*~tactically~*~*~ (hiding).
 24195 | Snake:3  | 24195 ||| INVOKING Heroism.
 24347 | Snake:3  | 24347 ||| Stepping ~*~*~tactically~*~*~ (stealth).
 24359 | Snake:3  | 24359 ||| Stepping ~*~*~tactically~*~*~ (hiding).
 24411 | Snake:3  | 24411 ||| Stepping ~*~*~tactically~*~*~ (stealth).
 24420 | Snake:3  | Found Bilah's Self-Improvement Boutique.
 24454 | Snake:3  | 24454 ||| READING scroll of enchant weapon.
 24454 | Snake:3  | 24454 ||| ENCHANTING +3 broad axe of venom.
 24465 | Snake:3  | 24465 ||| PLANNING SHOALS:1-3
 24576 | Shoals:1 | Entered Level 1 of the Shoals
 24954 | Shoals:1 | 24954 ||| INVOKING Heroism.
 24993 | Shoals:1 | Found a frozen archway.
 24994 | Shoals:1 | 24994 ||| INVOKING Heroism.
 24995 | Shoals:1 | 24995 ||| INVOKING Finesse.
 25064 | Shoals:1 | Found the +8 longbow "Zephyr" {speed, Dex+3 SInv}
 25108 | Shoals:1 | 25108 ||| INVOKING Heroism.
 25484 | Shoals:1 | 25484 ||| DROPPING amulet of magic regeneration.
 25485 | Shoals:1 | 25485 ||| DROPPING +4 ring of protection.
 25563 | Shoals:2 | 25563 ||| Stepping ~*~*~tactically~*~*~ (hiding).
 25618 | Shoals:2 | 25618 ||| Stepping ~*~*~tactically~*~*~ (hiding).
 25630 | Shoals:2 | 25630 ||| INVOKING Heroism.
 25670 | Shoals:2 | HP: 26/108 [snapping turtle (16)]
 25671 | Shoals:2 | 25671 ||| READING 9 scrolls of teleportation.
 25672 | Shoals:2 | 25672 ||| DRINKING 7 potions of heal wounds.
 25903 | Shoals:2 | Identified the +5 chain mail of Fashionability {Will+}
 26492 | Shoals:2 | 26492 ||| UPGRADING to +5 chain mail of Fashionability
                  | {Will+}.
 26782 | Shoals:3 | Noticed Ilsuiw
 26783 | Shoals:3 | 26783 ||| INVOKING Heroism.
 26793 | Shoals:3 | Reached skill level 3 in Dodging
 26799 | Shoals:3 | HP: 25/108 [Ilsuiw/+2 trident of freezing (4)]
 26800 | Shoals:3 | 26800 ||| READING 9 scrolls of teleportation.
 26800 | Shoals:3 | HP: 12/108 [sea snake (12)]
 26801 | Shoals:3 | 26801 ||| DRINKING 6 potions of heal wounds.
 26802 | Shoals:3 | 26802 ||| DRINKING 5 potions of heal wounds.
 26803 | Shoals:3 | Noticed Polyphemus
 26829 | Shoals:3 | 26829 ||| INVOKING Heroism.
 26875 | Shoals:3 | HP: 27/108 [merfolk javelineer/silver javelin (1)]
 26876 | Shoals:3 | 26876 ||| READING 8 scrolls of teleportation.
 26877 | Shoals:3 | 26877 ||| DRINKING 4 potions of heal wounds.
 26884 | Shoals:3 | 26884 ||| Stepping ~*~*~tactically~*~*~ (stealth).
 26886 | Shoals:3 | 26886 ||| Stepping ~*~*~tactically~*~*~ (stealth).
 26887 | Shoals:3 | 26887 ||| FLEEEEING.
 26888 | Shoals:3 | 26888 ||| FLEEEEING.
 26889 | Shoals:3 | 26889 ||| INVOKING Heroism.
 26898 | Shoals:3 | 26898 ||| Stepping ~*~*~tactically~*~*~ (hiding).
 26962 | Shoals:3 | 26962 ||| FLEEEEING.
 26963 | Shoals:3 | 26963 ||| FLEEEEING.
 26974 | Shoals:3 | 26974 ||| FLEEEEING.
 26983 | Shoals:3 | 26983 ||| FLEEEEING.
 26986 | Shoals:3 | 26986 ||| FLEEEEING.
 26987 | Shoals:3 | 26987 ||| STAIRDANCE
 27092 | Shoals:3 | 27092 ||| INVOKING Heroism.
 27114 | Shoals:3 | HP: 22/108 [merfolk/+0 trident[a merfolk impaler] (13)]
 27114 | Shoals:3 | HP: 8/108 [death yak[Polyphemus] (14)]
 27115 | Shoals:3 | 27115 ||| READING 7 scrolls of teleportation.
 27116 | Shoals:3 | 27116 ||| DRINKING 3 potions of heal wounds.
 27117 | Shoals:3 | 27117 ||| DRINKING 2 potions of heal wounds.
 27320 | Shoals:3 | Reached XP level 18. HP: 107/115 MP: 25/25
 27338 | Shoals:3 | 27338 ||| INVOKING Heroism.
 27354 | Shoals:3 | Killed Polyphemus
 27405 | Shoals:3 | 27405 ||| DROPPING +2 war axe of flaming.
 27438 | Shoals:3 | 27438 ||| Stepping ~*~*~tactically~*~*~ (stealth).
 27440 | Shoals:3 | 27440 ||| Stepping ~*~*~tactically~*~*~ (stealth).
 27441 | Shoals:3 | 27441 ||| Stepping ~*~*~tactically~*~*~ (stealth).
 27442 | Shoals:3 | 27442 ||| Stepping ~*~*~tactically~*~*~ (stealth).
 27444 | Shoals:3 | 27444 ||| Stepping ~*~*~tactically~*~*~ (hiding).
 27446 | Shoals:3 | 27446 ||| Stepping ~*~*~tactically~*~*~ (hiding).
 27449 | Shoals:3 | 27449 ||| INVOKING Heroism.
 27510 | Shoals:3 | 27510 ||| Stepping ~*~*~tactically~*~*~ (stealth).
 27541 | Shoals:3 | 27541 ||| Stepping ~*~*~tactically~*~*~ (stealth).
 27543 | Shoals:3 | 27543 ||| Stepping ~*~*~tactically~*~*~ (hiding).
 27556 | Shoals:3 | Reached skill level 14 in Fighting
 27559 | Shoals:3 | 27559 ||| Stepping ~*~*~tactically~*~*~ (stealth).
 27560 | Shoals:3 | 27560 ||| Stepping ~*~*~tactically~*~*~ (stealth).
 27562 | Shoals:3 | 27562 ||| Stepping ~*~*~tactically~*~*~ (hiding).
 27564 | Shoals:3 | 27564 ||| Stepping ~*~*~tactically~*~*~ (hiding).
 27567 | Shoals:3 | 27567 ||| Stepping ~*~*~tactically~*~*~ (hiding).
 27592 | Shoals:3 | 27592 ||| Stepping ~*~*~tactically~*~*~ (stealth).
 27596 | Shoals:3 | 27596 ||| Stepping ~*~*~tactically~*~*~ (stealth).
 27612 | Shoals:3 | Reached skill level 18 in Shields
 27898 | Shoals:3 | 27898 ||| INVOKING Heroism.
 27920 | Shoals:3 | Killed Ilsuiw
 28165 | Shoals:3 | 28165 ||| PLANNING SNAKE:4
 28319 | Snake:4  | Entered Level 4 of the Snake Pit
 28352 | Snake:4  | 28352 ||| Stepping ~*~*~tactically~*~*~ (hiding).
 28415 | Snake:4  | Noticed Mara
 28416 | Snake:4  | 28416 ||| INVOKING Heroism.
 28443 | Snake:4  | Noticed qw's illusion
 28451 | Snake:4  | Killed Mara
 28625 | Snake:4  | 28625 ||| Stepping ~*~*~tactically~*~*~ (hiding).
 28663 | Snake:4  | 28663 ||| INVOKING Heroism.
 28797 | Snake:4  | Received a gift from Okawaru
 28844 | Snake:4  | 28844 ||| INVOKING Heroism.
 28978 | Snake:4  | 28978 ||| INVOKING Heroism.
 29029 | Snake:4  | 29029 ||| Stepping ~*~*~tactically~*~*~ (stealth).
 29079 | Snake:4  | 29079 ||| Stepping ~*~*~tactically~*~*~ (hiding).
 29083 | Snake:4  | 29083 ||| Stepping ~*~*~tactically~*~*~ (hiding).
 29084 | Snake:4  | 29084 ||| Stepping ~*~*~tactically~*~*~ (hiding).
 29087 | Snake:4  | 29087 ||| Stepping ~*~*~tactically~*~*~ (hiding).
 29090 | Snake:4  | 29090 ||| INVOKING Heroism.
 29116 | Snake:4  | 29116 ||| Stepping ~*~*~tactically~*~*~ (stealth).
 29117 | Snake:4  | 29117 ||| Stepping ~*~*~tactically~*~*~ (stealth).
 29119 | Snake:4  | 29119 ||| INVOKING Heroism.
 29295 | Snake:4  | 29295 ||| INVOKING Heroism.
 29309 | Snake:4  | Reached skill level 15 in Fighting
 29413 | Snake:4  | 29413 ||| INVOKING Heroism.
 29427 | Snake:4  | Received a gift from Okawaru
 29430 | Snake:4  | 29430 ||| INVOKING Heroism.
 29442 | Snake:4  | Received a gift from Okawaru
 29546 | Snake:4  | 29546 ||| INVOKING Heroism.
 29563 | Snake:4  | Received a gift from Okawaru
 29573 | Snake:4  | Reached skill level 9 in Throwing
 29805 | Snake:4  | Got a serpentine rune of Zot
 29929 | Snake:4  | 29929 ||| Stepping ~*~*~tactically~*~*~ (hiding).
 29930 | Snake:4  | 29930 ||| INVOKING Heroism.
 29931 | Snake:4  | 29931 ||| Stepping ~*~*~tactically~*~*~ (hiding).
 29986 | Snake:4  | 29986 ||| PLANNING VAULTS:1-4
 30068 | Snake:1  | 30068 ||| Stepping ~*~*~tactically~*~*~ (hiding).
 30336 | Vaults:1 | Entered Level 1 of the Vaults
 30422 | Vaults:1 | Reached XP level 19. HP: 92/124 MP: 26/26
 30427 | Vaults:1 | 30427 ||| INVOKING Heroism.
 30699 | Vaults:1 | 30699 ||| Stepping ~*~*~tactically~*~*~ (hiding).
 30706 | Vaults:1 | 30706 ||| Stepping ~*~*~tactically~*~*~ (hiding).
 30744 | Vaults:1 | Reached skill level 16 in Fighting
 30751 | Vaults:1 | 30751 ||| UPGRADING to +0 helmet of see invisible.
 30761 | Vaults:1 | 30761 ||| READING 4 scrolls of enchant armour.
 30761 | Vaults:1 | 30761 ||| ENCHANTING +0 helmet of see invisible.
 30762 | Vaults:1 | 30762 ||| READING 3 scrolls of enchant armour.
 30762 | Vaults:1 | 30762 ||| ENCHANTING +1 helmet of see invisible.
 30763 | Vaults:1 | 30763 ||| DROPPING +2 helmet.
 30768 | Vaults:1 | 30768 ||| Stepping ~*~*~tactically~*~*~ (stealth).
 30772 | Vaults:1 | 30772 ||| Stepping ~*~*~tactically~*~*~ (hiding).
 30997 | Vaults:1 | 30997 ||| Stepping ~*~*~tactically~*~*~ (hiding).
 31006 | Vaults:1 | 31006 ||| Stepping ~*~*~tactically~*~*~ (hiding).
 31115 | Vaults:1 | 31115 ||| INVOKING Heroism.
 31251 | Vaults:1 | Identified the +1 helmet of Pyomp {Rampage rN+ Will-}
 31311 | Vaults:1 | Identified the +3 leather armour "Ilirecya" {Contam rPois
                  | Str-3 Int+8}
 31312 | Vaults:1 | 31312 ||| DROPPING +1 helmet of Pyomp {Rampage rN+ Will-}.
 31392 | Vaults:1 | 31392 ||| INVOKING Heroism.
 31806 | Vaults:1 | 31806 ||| Stepping ~*~*~tactically~*~*~ (hiding).
 31809 | Vaults:1 | 31809 ||| Stepping ~*~*~tactically~*~*~ (stealth).
 31859 | Vaults:1 | Received a gift from Okawaru
 32122 | Vaults:2 | Received a gift from Okawaru
 32127 | Vaults:2 | 32127 ||| Stepping ~*~*~tactically~*~*~ (stealth).
 32129 | Vaults:2 | 32129 ||| Stepping ~*~*~tactically~*~*~ (hiding).
 32221 | Vaults:2 | 32221 ||| Stepping ~*~*~tactically~*~*~ (hiding).
 32239 | Vaults:2 | 32239 ||| Stepping ~*~*~tactically~*~*~ (stealth).
 32241 | Vaults:2 | 32241 ||| Stepping ~*~*~tactically~*~*~ (stealth).
 32243 | Vaults:2 | 32243 ||| Stepping ~*~*~tactically~*~*~ (stealth).
 32258 | Vaults:2 | Received a gift from Okawaru
 32263 | Vaults:2 | Reached skill level 17 in Fighting
 32303 | Vaults:2 | 32303 ||| Stepping ~*~*~tactically~*~*~ (stealth).
 32324 | Vaults:2 | 32324 ||| Stepping ~*~*~tactically~*~*~ (stealth).
 32341 | Vaults:2 | 32341 ||| Stepping ~*~*~tactically~*~*~ (stealth).
 32343 | Vaults:2 | 32343 ||| Stepping ~*~*~tactically~*~*~ (stealth).
 32344 | Vaults:2 | 32344 ||| Stepping ~*~*~tactically~*~*~ (stealth).
 32346 | Vaults:2 | 32346 ||| Stepping ~*~*~tactically~*~*~ (hiding).
 32347 | Vaults:2 | 32347 ||| Stepping ~*~*~tactically~*~*~ (hiding).
 32348 | Vaults:2 | 32348 ||| Stepping ~*~*~tactically~*~*~ (hiding).
 32349 | Vaults:2 | 32349 ||| Stepping ~*~*~tactically~*~*~ (hiding).
 32480 | Vaults:2 | Received a gift from Okawaru
 32503 | Vaults:2 | 32503 ||| INVOKING Heroism.
 32817 | Vaults:2 | 32817 ||| INVOKING Heroism.
 32980 | Vaults:2 | 32980 ||| Stepping ~*~*~tactically~*~*~ (hiding).
 32983 | Vaults:2 | 32983 ||| Stepping ~*~*~tactically~*~*~ (hiding).
 33232 | Vaults:2 | 33232 ||| INVOKING Heroism.
 33375 | Vaults:2 | 33375 ||| Stepping ~*~*~tactically~*~*~ (hiding).
 33376 | Vaults:2 | 33376 ||| Stepping ~*~*~tactically~*~*~ (hiding).
 33377 | Vaults:2 | 33377 ||| Stepping ~*~*~tactically~*~*~ (hiding).
 33892 | Vaults:3 | Reached XP level 20. HP: 126/134 MP: 27/27
 33919 | Vaults:3 | 33919 ||| Stepping ~*~*~tactically~*~*~ (stealth).
 33936 | Vaults:3 | Received a gift from Okawaru
 33945 | Vaults:3 | 33945 ||| INVOKING Heroism.
 33979 | Vaults:3 | 33979 ||| INVOKING Heroism.
 33981 | Vaults:3 | HP: 33/134 [ironbound frostheart/creeping frost (16)]
 33982 | Vaults:3 | 33982 ||| READING 8 scrolls of teleportation.
 33994 | Vaults:3 | HP: 31/134 [vault sentinel/+0 long sword (7)]
 33995 | Vaults:3 | 33995 ||| READING 7 scrolls of teleportation.
 33996 | Vaults:3 | 33996 ||| DRINKING potion of heal wounds.
 34195 | Vaults:3 | 34195 ||| Stepping ~*~*~tactically~*~*~ (stealth).
 34196 | Vaults:3 | 34196 ||| Stepping ~*~*~tactically~*~*~ (stealth).
 34198 | Vaults:3 | 34198 ||| Stepping ~*~*~tactically~*~*~ (hiding).
 34200 | Vaults:3 | 34200 ||| Stepping ~*~*~tactically~*~*~ (hiding).
 34204 | Vaults:3 | 34204 ||| INVOKING Heroism.
 34205 | Vaults:3 | 34205 ||| INVOKING Finesse.
 34210 | Vaults:3 | Reached skill level 15 in Armour
 34261 | Vaults:3 | 34261 ||| Stepping ~*~*~tactically~*~*~ (stealth).
 34299 | Vaults:3 | 34299 ||| Stepping ~*~*~tactically~*~*~ (hiding).
 34349 | Vaults:3 | Found a staircase to the Crypt.
 34513 | Vaults:3 | 34513 ||| Stepping ~*~*~tactically~*~*~ (hiding).
 34642 | Vaults:3 | Received a gift from Okawaru
 34646 | Vaults:3 | 34646 ||| INVOKING Heroism.
 34650 | Vaults:3 | Reached skill level 18 in Fighting
 34664 | Vaults:3 | Received a gift from Okawaru
 34693 | Vaults:3 | 34693 ||| INVOKING Heroism.
 34704 | Vaults:3 | Received a gift from Okawaru
 35201 | Vaults:3 | 35201 ||| INVOKING Heroism.
 35204 | Vaults:3 | Received a gift from Okawaru
 35399 | Vaults:3 | 35399 ||| DROPPING +2 heavy broad axe.
 35867 | Vaults:3 | 35867 ||| DROPPING +0 chain mail of fire resistance.
 35868 | Vaults:3 | 35868 ||| DROPPING +0 plate armour of cold resistance.
 35941 | Vaults:4 | 35941 ||| PLANNING WIZLAB
 35989 | Vaults:4 | Received a gift from Okawaru
 36039 | Vaults:4 | 36039 ||| INVOKING Heroism.
 36043 | Vaults:4 | Received a gift from Okawaru
 36327 | Vaults:4 | 36327 ||| Stepping ~*~*~tactically~*~*~ (stealth).
 36328 | Vaults:4 | 36328 ||| Stepping ~*~*~tactically~*~*~ (stealth).
 36467 | Vaults:4 | Reached ****** piety under Okawaru
 36468 | Vaults:4 | Reached skill level 19 in Fighting
 36485 | Vaults:4 | Reached XP level 21. HP: 129/144 MP: 28/28
 36536 | Vaults:4 | 36536 ||| Stepping ~*~*~tactically~*~*~ (stealth).
 36574 | Vaults:4 | 36574 ||| FLEEEEING.
 36575 | Vaults:4 | 36575 ||| FLEEEEING.
 36576 | Vaults:4 | 36576 ||| FLEEEEING.
 36577 | Vaults:4 | 36577 ||| FLEEEEING.
 36578 | Vaults:4 | 36578 ||| FLEEEEING.
 36579 | Vaults:4 | 36579 ||| FLEEEEING.
 36580 | Vaults:4 | 36580 ||| FLEEEEING.
 36591 | Vaults:4 | Received a gift from Okawaru
 36721 | Vaults:4 | 36721 ||| SWAPPING to +1 vampiric broad axe.
 36722 | Vaults:4 | 36722 ||| DROPPING +4 broad axe of venom.
 36755 | Vaults:4 | 36755 ||| RIP WIZLAB
 36756 | Vaults:4 | 36756 ||| PLANNING VAULTS:1-4
 36794 | Vaults:4 | 36794 ||| Stepping ~*~*~tactically~*~*~ (stealth).
 36796 | Vaults:4 | 36796 ||| Stepping ~*~*~tactically~*~*~ (stealth).
 36840 | Vaults:4 | Reached skill level 6 in Dodging
 36872 | Vaults:4 | 36872 ||| Stepping ~*~*~tactically~*~*~ (stealth).
 36975 | Vaults:4 | 36975 ||| Stepping ~*~*~tactically~*~*~ (hiding).
 36977 | Vaults:4 | 36977 ||| Stepping ~*~*~tactically~*~*~ (hiding).
 36978 | Vaults:4 | 36978 ||| Stepping ~*~*~tactically~*~*~ (hiding).
 37184 | Vaults:4 | Found Puxosmup's Book Shoppe.
 37321 | Vaults:4 | 37321 ||| INVOKING Heroism.
 37337 | Vaults:4 | Received a gift from Okawaru
 37337 | Vaults:4 | HP: 29/144 [crystal guardian/crystal bolt[a peacekeeper]
                  | (64)]
 37338 | Vaults:4 | 37338 ||| READING 7 scrolls of teleportation.
 37340 | Vaults:4 | HP: 11/144 [crystal guardian/crystal bolt[a peacekeeper]
                  | (39)]
 37356 | Vaults:4 | 37356 ||| FLEEEEING.
 37454 | Vaults:4 | 37454 ||| Stepping ~*~*~tactically~*~*~ (stealth).
 37789 | Vaults:4 | 37789 ||| Stepping ~*~*~tactically~*~*~ (stealth).
 37790 | Vaults:4 | 37790 ||| Stepping ~*~*~tactically~*~*~ (stealth).
 37946 | Vaults:4 | 37946 ||| Stepping ~*~*~tactically~*~*~ (stealth).
 37962 | Vaults:4 | Identified the +1 cloak of the Peculiar Artists {rF+ rC++}
                  | (Okawaru gifted it to you on level 4 of the Vaults)
 37962 | Vaults:4 | Received a gift from Okawaru
 37996 | Vaults:4 | 37996 ||| Stepping ~*~*~tactically~*~*~ (stealth).
 37998 | Vaults:4 | 37998 ||| Stepping ~*~*~tactically~*~*~ (stealth).
 38446 | Vaults:4 | 38446 ||| PLANNING SHOALS:4
 38446 | Vaults:4 | 38446 ||| DROPPING scarf of resistance.
 38447 | Vaults:4 | 38447 ||| UPGRADING to +1 cloak of the Peculiar Artists
                  | {rF+ rC++}.
 38819 | Shoals:4 | Entered Level 4 of the Shoals
 38902 | Shoals:4 | 38902 ||| INVOKING Heroism.
 38975 | Shoals:4 | 38975 ||| Stepping ~*~*~tactically~*~*~ (stealth).
 38976 | Shoals:4 | 38976 ||| Stepping ~*~*~tactically~*~*~ (stealth).
 38982 | Shoals:4 | 38982 ||| Stepping ~*~*~tactically~*~*~ (stealth).
 39087 | Shoals:4 | 39087 ||| Stepping ~*~*~tactically~*~*~ (hiding).
 39088 | Shoals:4 | 39088 ||| Stepping ~*~*~tactically~*~*~ (hiding).
 39118 | Shoals:4 | Noticed Bai Suzhen
 39119 | Shoals:4 | 39119 ||| Stepping ~*~*~tactically~*~*~ (stealth).
 39134 | Shoals:4 | Killed Bai Suzhen
 39135 | Shoals:4 | Reached skill level 20 in Fighting
 39135 | Shoals:4 | 39135 ||| Stepping ~*~*~tactically~*~*~ (cloud).
 39139 | Shoals:4 | 39139 ||| Stepping ~*~*~tactically~*~*~ (stealth).
 39215 | Shoals:4 | 39215 ||| INVOKING Heroism.
 39216 | Shoals:4 | 39216 ||| INVOKING Finesse.
 39343 | Shoals:4 | Identified the staff of air "Veshryfo" {rElec Str+4}
 39447 | Shoals:4 | 39447 ||| Stepping ~*~*~tactically~*~*~ (hiding).
 39463 | Shoals:4 | 39463 ||| Stepping ~*~*~tactically~*~*~ (hiding).
 39464 | Shoals:4 | 39464 ||| Stepping ~*~*~tactically~*~*~ (hiding).
 39466 | Shoals:4 | 39466 ||| Stepping ~*~*~tactically~*~*~ (hiding).
 39467 | Shoals:4 | 39467 ||| Stepping ~*~*~tactically~*~*~ (hiding).
 39603 | Shoals:4 | Identified the ring of Lady Luck {rF- rN+ Dex+6 Slay+2}
 39744 | Shoals:4 | 39744 ||| INVOKING Heroism.
 39745 | Shoals:4 | 39745 ||| INVOKING Finesse.
 39822 | Shoals:4 | Got a barnacled rune of Zot
 40038 | Shoals:4 | 40038 ||| PLANNING DEPTHS
 40346 | Depths:1 | Entered Level 1 of the Depths
 40350 | Depths:1 | Found Zin's Purification Station.
 40367 | Depths:1 | Found a glowing silver altar of Zin.
 40375 | Depths:1 | 40375 ||| BUYING potion of curing (90 gold).
 40375 | Depths:1 | Bought a potion of curing for 90 gold pieces
 40378 | Depths:1 | 40378 ||| Stepping ~*~*~tactically~*~*~ (hiding).
 40383 | Depths:1 | Reached XP level 22. HP: 152/152 MP: 29/29
 40471 | Depths:1 | 40471 ||| Stepping ~*~*~tactically~*~*~ (stealth).
 40472 | Depths:1 | 40472 ||| Stepping ~*~*~tactically~*~*~ (stealth).
 40473 | Depths:1 | 40473 ||| Stepping ~*~*~tactically~*~*~ (stealth).
 40474 | Depths:1 | 40474 ||| INVOKING Heroism.
 40475 | Depths:1 | 40475 ||| INVOKING Finesse.
 40493 | Depths:1 | Received a gift from Okawaru
 40501 | Depths:1 | 40501 ||| Stepping ~*~*~tactically~*~*~ (stealth).
 40620 | Depths:1 | 40620 ||| Stepping ~*~*~tactically~*~*~ (hiding).
 40622 | Depths:1 | 40622 ||| Stepping ~*~*~tactically~*~*~ (hiding).
 40645 | Depths:1 | Found a one-way gate to the infinite horrors of the Abyss.
 40645 | Depths:1 | Noticed Louise
 40646 | Depths:1 | 40646 ||| Stepping ~*~*~tactically~*~*~ (hiding).
 40647 | Depths:1 | 40647 ||| Stepping ~*~*~tactically~*~*~ (hiding).
 40663 | Depths:1 | 40663 ||| INVOKING Heroism.
 40688 | Depths:1 | Received a gift from Okawaru
 40702 | Depths:1 | Reached skill level 18 in Armour
 40711 | Depths:1 | Killed Louise
 40800 | Depths:1 | Found a gateway to Hell.
 40840 | Depths:1 | 40840 ||| INVOKING Heroism.
 40857 | Depths:1 | Reached skill level 21 in Shields
 40895 | Depths:1 | 40895 ||| Stepping ~*~*~tactically~*~*~ (stealth).
 40897 | Depths:1 | 40897 ||| Stepping ~*~*~tactically~*~*~ (stealth).
 40899 | Depths:1 | 40899 ||| INVOKING Finesse.
 41131 | Depths:1 | 41131 ||| DROPPING ring of fire.
 41174 | Depths:2 | 41174 ||| Stepping ~*~*~tactically~*~*~ (stealth).
 41240 | Depths:2 | Received a gift from Okawaru
 41282 | Depths:2 | 41282 ||| DROPPING +6 heavy war axe.
 41283 | Depths:2 | Found Sawumigh's Assorted Antiques.
 41294 | Depths:2 | 41294 ||| BUYING potion of attraction (156 gold).
 41294 | Depths:2 | Bought a potion of attraction for 156 gold pieces
 41294 | Depths:2 | 41294 ||| BUYING shiny chain mail (390 gold).
 41294 | Depths:2 | Bought a shiny chain mail for 390 gold pieces
 41330 | Depths:2 | 41330 ||| INVOKING Heroism.
 41331 | Depths:2 | 41331 ||| INVOKING Finesse.
 41395 | Depths:2 | Found a one-way gate leading to the halls of Pandemonium.
 41440 | Depths:2 | 41440 ||| INVOKING Heroism.
 41441 | Depths:2 | 41441 ||| INVOKING Finesse.
 41547 | Depths:2 | Identified the ring "Fiupsics" {Fire rN+ Will+ Int+2}
 41561 | Depths:2 | Noticed a golden dragon
 41562 | Depths:2 | 41562 ||| Stepping ~*~*~tactically~*~*~ (hiding).
 41563 | Depths:2 | 41563 ||| Stepping ~*~*~tactically~*~*~ (hiding).
 41565 | Depths:2 | 41565 ||| Stepping ~*~*~tactically~*~*~ (hiding).
 41566 | Depths:2 | 41566 ||| INVOKING Heroism.
 41567 | Depths:2 | 41567 ||| INVOKING Finesse.
 41579 | Depths:2 | Killed a golden dragon
 41582 | Depths:2 | Noticed a golden dragon
 41604 | Depths:2 | Killed a golden dragon
 41605 | Depths:2 | Reached skill level 21 in Fighting
 41640 | Depths:2 | Identified the +1 leather armour of Plog {-Tele Regen+
                  | MP+9}
 41701 | Depths:2 | 41701 ||| Stepping ~*~*~tactically~*~*~ (hiding).
 41706 | Depths:2 | 41706 ||| INVOKING Heroism.
 42016 | Depths:2 | 42016 ||| INVOKING Heroism.
 42182 | Depths:2 | 42182 ||| DROPPING +4 chain mail of cold resistance.
 42183 | Depths:2 | 42183 ||| DROPPING ring of fire.
 42208 | Depths:3 | 42208 ||| INVOKING Heroism.
 42263 | Depths:3 | Found a corrupted altar of Lugonu.
 42297 | Depths:3 | 42297 ||| DRINKING 3 potions of resistance.
 42305 | Depths:3 | 42305 ||| INVOKING Heroism.
 42349 | Depths:3 | 42349 ||| DRINKING 2 potions of resistance.
 42355 | Depths:3 | Reached skill level 12 in Throwing
 42358 | Depths:3 | 42358 ||| Stepping ~*~*~tactically~*~*~ (hiding).
 42578 | Depths:3 | Noticed the Enchantress
 42579 | Depths:3 | 42579 ||| INVOKING Heroism.
 42608 | Depths:3 | 42608 ||| DRINKING 17 potions of curing.
 42608 | Depths:3 | 42608 ||| (to cure confusion)
 42629 | Depths:3 | Killed the Enchantress
 42644 | Depths:3 | 42644 ||| INVOKING Heroism.
 42646 | Depths:3 | Received a gift from Okawaru
 42674 | Depths:3 | Received a gift from Okawaru
 42766 | Depths:3 | 42766 ||| Stepping ~*~*~tactically~*~*~ (hiding).
 42791 | Depths:3 | 42791 ||| Stepping ~*~*~tactically~*~*~ (stealth).
 42794 | Depths:3 | 42794 ||| Stepping ~*~*~tactically~*~*~ (hiding).
 42796 | Depths:3 | 42796 ||| Stepping ~*~*~tactically~*~*~ (hiding).
 42899 | Depths:3 | 42899 ||| Stepping ~*~*~tactically~*~*~ (stealth).
 42900 | Depths:3 | 42900 ||| Stepping ~*~*~tactically~*~*~ (hiding).
 42922 | Depths:3 | Received a gift from Okawaru
 43028 | Depths:3 | 43028 ||| Stepping ~*~*~tactically~*~*~ (hiding).
 43085 | Depths:3 | 43085 ||| Stepping ~*~*~tactically~*~*~ (hiding).
 43086 | Depths:3 | 43086 ||| Stepping ~*~*~tactically~*~*~ (hiding).
 43092 | Depths:3 | 43092 ||| INVOKING Heroism.
 43136 | Depths:3 | 43136 ||| INVOKING Heroism.
 43183 | Depths:3 | 43183 ||| DROPPING +2 heavy broad axe.
 43256 | Depths:3 | 43256 ||| DROPPING 6 silver boomerangs.
 43257 | Depths:3 | 43257 ||| DROPPING 46 boomerangs.
 43268 | Depths:4 | Entered Level 4 of the Depths
 43269 | Depths:4 | 43269 ||| Stepping ~*~*~tactically~*~*~ (hiding).
 43270 | Depths:4 | 43270 ||| Stepping ~*~*~tactically~*~*~ (hiding).
 43334 | Depths:4 | 43334 ||| Stepping ~*~*~tactically~*~*~ (hiding).
 43582 | Depths:4 | 43582 ||| Stepping ~*~*~tactically~*~*~ (hiding).
 43588 | Depths:4 | 43588 ||| INVOKING Heroism.
 43627 | Depths:4 | 43627 ||| Stepping ~*~*~tactically~*~*~ (stealth).
 43629 | Depths:4 | 43629 ||| Stepping ~*~*~tactically~*~*~ (stealth).
 43631 | Depths:4 | 43631 ||| Stepping ~*~*~tactically~*~*~ (hiding).
 43644 | Depths:4 | Reached skill level 22 in Fighting
 43644 | Depths:4 | Reached XP level 23. HP: 162/162 MP: 30/30
 43653 | Depths:4 | Found a gate to the Realm of Zot.
 43654 | Depths:4 | 43654 ||| INVOKING Heroism.
 43654 | Depths:4 | Noticed a golden dragon
 43678 | Depths:4 | Killed a golden dragon
 43831 | Depths:4 | 43831 ||| Stepping ~*~*~tactically~*~*~ (hiding).
 43841 | Depths:4 | 43841 ||| INVOKING Heroism.
 43856 | Depths:4 | 43856 ||| INVOKING Heroism.
 43871 | Depths:4 | 43871 ||| Stepping ~*~*~tactically~*~*~ (hiding).
 43960 | Depths:4 | Found a one-way gateway to a ziggurat.
 44108 | Depths:4 | 44108 ||| PLANNING VAULTS:5
 44108 | Depths:4 | 44108 ||| DROPPING +0 shadow dragon scales.
 44109 | Depths:4 | 44109 ||| DROPPING +0 plate armour of fire resistance.
 44336 | Vaults:5 | Entered Level 5 of the Vaults
 44337 | Vaults:5 | Noticed a dread lich
 44338 | Vaults:5 | 44338 ||| INVOKING Heroism.
 44373 | Vaults:5 | 44373 ||| INVOKING Finesse.
 44381 | Vaults:5 | Killed a dread lich
 44399 | Vaults:5 | Received a gift from Okawaru
 44436 | Vaults:5 | 44436 ||| Stepping ~*~*~tactically~*~*~ (hiding).
 44448 | Vaults:5 | 44448 ||| Stepping ~*~*~tactically~*~*~ (hiding).
 44500 | Vaults:5 | 44500 ||| INVOKING Heroism.
 44503 | Vaults:5 | 44503 ||| Stepping ~*~*~tactically~*~*~ (hiding).
 44506 | Vaults:5 | 44506 ||| Stepping ~*~*~tactically~*~*~ (hiding).
 44515 | Vaults:5 | Received a gift from Okawaru
 44519 | Vaults:5 | Noticed a dread lich
 44520 | Vaults:5 | 44520 ||| INVOKING Finesse.
 44537 | Vaults:5 | Killed a dread lich
 44549 | Vaults:5 | Identified a scroll of acquirement
 44555 | Vaults:5 | Received a gift from Okawaru
 44558 | Vaults:5 | 44558 ||| INVOKING Heroism.
 44617 | Vaults:5 | 44617 ||| READING scroll of acquirement.
 44617 | Vaults:5 | 44617 ||| ACQUIRING 798 gold pieces
 44617 | Vaults:5 | Acquired 798 gold pieces
 44733 | Vaults:5 | Got a silver rune of Zot
 44734 | Vaults:5 | Identified the +7 battleaxe of Compound Interest {speed,
                  | MP+9 Str+3 Dex-2}
 44735 | Vaults:5 | Identified the +5 war axe of Codif {holy, Will+}
 44737 | Vaults:5 | 44737 ||| DROPPING +3 broad axe of flaming.
 44770 | Vaults:5 | 44770 ||| FLEEEEING.
 44772 | Vaults:5 | 44772 ||| FLEEEEING.
 44773 | Vaults:5 | 44773 ||| FLEEEEING.
 44774 | Vaults:5 | 44774 ||| FLEEEEING.
 44775 | Vaults:5 | 44775 ||| FLEEEEING.
 44776 | Vaults:5 | 44776 ||| FLEEEEING.
 44777 | Vaults:5 | 44777 ||| FLEEEEING.
 44778 | Vaults:5 | 44778 ||| FLEEEEING.
 44779 | Vaults:5 | 44779 ||| FLEEEEING.
 44780 | Vaults:5 | 44780 ||| FLEEEEING.
 44781 | Vaults:5 | 44781 ||| FLEEEEING.
 44784 | Vaults:5 | 44784 ||| FLEEEEING.
 44826 | Vaults:5 | 44826 ||| Stepping ~*~*~tactically~*~*~ (hiding).
 44827 | Vaults:5 | 44827 ||| Stepping ~*~*~tactically~*~*~ (hiding).
 44829 | Vaults:5 | 44829 ||| Stepping ~*~*~tactically~*~*~ (hiding).
 44832 | Vaults:5 | 44832 ||| INVOKING Heroism.
 44868 | Vaults:5 | Reached skill level 23 in Fighting
 44887 | Vaults:5 | 44887 ||| Stepping ~*~*~tactically~*~*~ (stealth).
 44900 | Vaults:5 | 44900 ||| INVOKING Heroism.
 44901 | Vaults:5 | 44901 ||| INVOKING Finesse.
 44924 | Vaults:5 | Noticed an ancient lich
 44945 | Vaults:5 | Killed an ancient lich
 44972 | Vaults:5 | 44972 ||| INVOKING Finesse.
 44980 | Vaults:5 | Reached XP level 24. HP: 148/171 MP: 25/30
 44987 | Vaults:5 | Received a gift from Okawaru
 45008 | Vaults:5 | 45008 ||| Stepping ~*~*~tactically~*~*~ (hiding).
 45074 | Vaults:5 | 45074 ||| Stepping ~*~*~tactically~*~*~ (stealth).
 45143 | Vaults:5 | 45143 ||| INVOKING Heroism.
 45181 | Vaults:5 | 45181 ||| Stepping ~*~*~tactically~*~*~ (hiding).
 45187 | Vaults:5 | Received a gift from Okawaru
 45211 | Vaults:5 | 45211 ||| INVOKING Heroism.
 45215 | Vaults:5 | HP: 20/156 [shadow dragon/bolt of negative energy (26)]
 45216 | Vaults:5 | 45216 ||| READING 9 scrolls of teleportation.
 45876 | Vaults:5 | 45876 ||| Stepping ~*~*~tactically~*~*~ (hiding).
 46149 | Vaults:5 | Identified the +11 quarterstaff "Xajip" {holy, rPois}
 46286 | Vaults:5 | Found Qukhip's Antique Weapon Emporium.
 46297 | Vaults:5 | Identified the staff of poison "Hienyete" {rPois Dex+3}
 46301 | Vaults:5 | Identified the +0 robe "Por Kuy" {rCorr Str-2 Dex+4}
 46312 | Vaults:5 | 46312 ||| PLANNING SHOPPING SPREE
 46312 | Vaults:5 | 46312 ||| UPGRADING to +0 gold dragon scales.
 46322 | Vaults:5 | 46322 ||| READING 6 scrolls of enchant armour.
 46322 | Vaults:5 | 46322 ||| ENCHANTING +0 gold dragon scales.
 46323 | Vaults:5 | 46323 ||| DROPPING +5 chain mail of Fashionability {Will+}.
 46324 | Vaults:5 | 46324 ||| READING 5 scrolls of enchant armour.
 46324 | Vaults:5 | 46324 ||| ENCHANTING +1 gold dragon scales.
 46325 | Vaults:5 | 46325 ||| READING 4 scrolls of enchant armour.
 46325 | Vaults:5 | 46325 ||| ENCHANTING +2 gold dragon scales.
 46326 | Vaults:5 | 46326 ||| READING 3 scrolls of enchant armour.
 46326 | Vaults:5 | 46326 ||| ENCHANTING +3 gold dragon scales.
 46327 | Vaults:5 | 46327 ||| READING 2 scrolls of enchant armour.
 46327 | Vaults:5 | 46327 ||| ENCHANTING +4 gold dragon scales.
 46328 | Vaults:5 | 46328 ||| READING scroll of enchant armour.
 46328 | Vaults:5 | 46328 ||| ENCHANTING +5 gold dragon scales.
 46329 | Vaults:5 | 46329 ||| DROPPING +6 ring of dexterity.
 46330 | Vaults:5 | 46330 ||| DROPPING ring of magical power.
 46616 | Orc:2    | 46616 ||| BUYING ring of Irucves {rPois MP+9 EV+5 Int-2
                  | Dex+3} (886 gold).
 46616 | Orc:2    | Bought the ring of Irucves {rPois MP+9 EV+5 Int-2 Dex+3}
                  | for 886 gold pieces
 46637 | Orc:2    | 46637 ||| UPGRADING to ring of Irucves {rPois MP+9 EV+5
                  | Int-2 Dex+3}.
 46673 | Orc:2    | 46673 ||| DROPPING ring of Lady Luck {rF- rN+ Dex+6
                  | Slay+2}.
 46674 | Orc:2    | 46674 ||| DROPPING ring "Biefaxku" {Fly rF+ rN++ Str-3
                  | Int+3}.
 46675 | Orc:2    | 46675 ||| UPGRADING to +5 ring of evasion.
 46677 | Orc:2    | 46677 ||| DROPPING +4 ring of slaying {mikee}.
 46678 | Orc:2    | 46678 ||| CLEARING SHOPPING LIST
 46678 | Orc:2    | 46678 ||| PLANNING ZOT:1-4
 46678 | Orc:2    | 46678 ||| PLANNING ZOT:1-4
 46891 | Zot:1    | Entered Level 1 of the Realm of Zot
 47012 | Zot:1    | 47012 ||| Stepping ~*~*~tactically~*~*~ (hiding).
 47014 | Zot:1    | 47014 ||| Stepping ~*~*~tactically~*~*~ (hiding).
 47023 | Zot:1    | 47023 ||| INVOKING Heroism.
 47178 | Zot:1    | 47178 ||| READING scroll of enchant armour.
 47178 | Zot:1    | 47178 ||| ENCHANTING +6 gold dragon scales.
 47240 | Zot:1    | 47240 ||| INVOKING Heroism.
 47280 | Zot:1    | Identified the scarf of the Pirate {+Inv, rC+} (Okawaru
                  | gifted it to you on level 1 of the Realm of Zot)
 47280 | Zot:1    | Received a gift from Okawaru
 47457 | Zot:1    | 47457 ||| Stepping ~*~*~tactically~*~*~ (hiding).
 47477 | Zot:1    | 47477 ||| INVOKING Heroism.
 47508 | Zot:1    | 47508 ||| Stepping ~*~*~tactically~*~*~ (hiding).
 47529 | Zot:1    | 47529 ||| Stepping ~*~*~tactically~*~*~ (hiding).
 47723 | Zot:1    | 47723 ||| DROPPING scarf of the Pirate {+Inv, rC+}.
 47773 | Zot:2    | Noticed a curse toe
 47774 | Zot:2    | 47774 ||| INVOKING Heroism.
 47781 | Zot:2    | Found a runed translucent door.
 47784 | Zot:2    | Killed a curse toe
 47790 | Zot:2    | Reached skill level 21 in Armour
 47886 | Zot:2    | 47886 ||| Stepping ~*~*~tactically~*~*~ (hiding).
 47888 | Zot:2    | 47888 ||| Stepping ~*~*~tactically~*~*~ (hiding).
 47897 | Zot:2    | 47897 ||| INVOKING Heroism.
 47965 | Zot:2    | Noticed an orb of fire
 47966 | Zot:2    | 47966 ||| DRINKING potion of resistance.
 47967 | Zot:2    | 47967 ||| INVOKING Heroism.
 47968 | Zot:2    | 47968 ||| INVOKING Finesse.
 47989 | Zot:2    | Killed an orb of fire
 48342 | Zot:2    | 48342 ||| Stepping ~*~*~tactically~*~*~ (hiding).
 48347 | Zot:2    | 48347 ||| Stepping ~*~*~tactically~*~*~ (hiding).
 48378 | Zot:2    | 48378 ||| INVOKING Heroism.
 48671 | Zot:2    | 48671 ||| INVOKING Heroism.
 48902 | Zot:2    | Noticed Jiorhin's ghost (legendary TrBe)
 48942 | Zot:3    | 48942 ||| Stepping ~*~*~tactically~*~*~ (hiding).
 48978 | Zot:3    | 48978 ||| Stepping ~*~*~tactically~*~*~ (hiding).
 49133 | Zot:3    | 49133 ||| INVOKING Heroism.
 49156 | Zot:3    | 49156 ||| Stepping ~*~*~tactically~*~*~ (hiding).
 49162 | Zot:3    | 49162 ||| Stepping ~*~*~tactically~*~*~ (stealth).
 49165 | Zot:3    | 49165 ||| Stepping ~*~*~tactically~*~*~ (stealth).
 49182 | Zot:3    | 49182 ||| INVOKING Heroism.
 49182 | Zot:3    | Noticed a Killer Klown
 49195 | Zot:3    | Received a gift from Okawaru
 49205 | Zot:3    | Killed a Killer Klown
 49250 | Zot:3    | 49250 ||| Stepping ~*~*~tactically~*~*~ (stealth).
 49317 | Zot:3    | 49317 ||| Stepping ~*~*~tactically~*~*~ (hiding).
 49318 | Zot:3    | 49318 ||| Stepping ~*~*~tactically~*~*~ (hiding).
 49346 | Zot:3    | 49346 ||| INVOKING Heroism.
 49360 | Zot:3    | Reached XP level 25. HP: 171/178 MP: 30/30
 49383 | Zot:3    | HP: 34/178 [green draconian monk (14)]
 49383 | Zot:3    | HP: 10/178 [green draconian monk (24)]
 49383 | Zot:3    | Slain by a green draconian monk

Levels and vault maps discovered:
D:1:      denvon_arrival_planthouse, layout_loops_ring, minmay_misc_feat_tower,
          supply_closet_lemuel
D:2:      layout_rooms, ebering_ecumenical_altar_mist
D:3:      layout_loops_corners, uniq_jessica, uniq_robin
D:4:      layout_rooms, elyvilon_altar_4, uniq_eustachio
D:5:      layout_cave_pools, minmay_temple_entry_gardened_gates,
          hangedman_abyss_or_decor_stagger, hangedman_decor_opposing,
          corexii_item_surrounded_by_moat, eino_tiny_chamber, kennysheep_path_1,
          lightli_church_of_beogh
D:6:      layout_loops_ring, grunt_temple_overflow_opulence, serial_park_tiny_1,
          nicolae_titane, uniq_grinder, uniq_blork_the_orc
D:7:      layout_loops_cross, lemuel_tele_altar, enter_bailey_4
D:8:      layout_cave_pods, cheibrodos_ashenzari_chains,
          erik_lair_orcish_takeover, kennysheep_cross_room
D:9:      layout_irregular_city, grunt_temple_overflow_open,
          minmay_mirror_moons_of_madness
D:10:     layout_grid_maze, minmay_orc_entry_temple_large, uniq_maurice,
          uniq_josephine, uniq_grum
D:11:     layout_loops_ring, serial_bayou, serial_bayou_ford_a,
          serial_bayou_pond_a, serial_bayou_shore_a, serial_bayou_pond_c,
          serial_bayou_pond_a
D:12:     layout_cave_pools, uniq_nergalle
D:13:     layout_cave_pods, david_vaults_4, lemuel_blue_sif_altar
D:14:     layout_loops_ring, hangedman_glass_teeth, uniq_frances, uniq_lodul
D:15:     grunt_enter_depths_giant_problem, layout_basic, uniq_agnes
Temple:   compressed_dpeg_circular_temple
Lair:1:   layout_small_grid
Lair:2:   beast_lair_carwin_large_3, layout_small_grid,
          minmay_shoals_entry_beasts, grunt_megastairs_1,
          infiniplex_staircase_pool
Lair:3:   layout_loops_ring, minmay_snake_entry_guardpost_small, basic_altar,
          enter_volcano_2
Lair:4:   layout_roguey, dpeg_slime_entry_corner, lemuel_fruit_tree
Lair:5:   hangedman_lair_tendril_chambers, layout_misc_corridors,
          guppyfry_lair_end_dragon, ebering_ghost_reflecting_pool,
          serial_bayou_lagoon_a, nicolae_lair_lindhole
Shoals:1: layout_shoals, portal_ice_cave_entry_ice_statue_one
Shoals:2: layout_shoals
Shoals:3: layout_shoals, uniq_ilsuiw, uniq_polyphemus
Shoals:4: shoals_end_simple, layout_shoals, nicolae_shoals_undead_eyrie,
          uniq_bai_suzhen
Snake:1:  layout_gridlike, gammafunk_ghost_arena, nicolae_snake_snake_lake,
          uniq_jorgrun, uniq_donald, uniq_azrael, uniq_aizul
Snake:2:  layout_basic, serial_curves, eino_curves_01, eino_curves_01,
          minmay_shop_grove
Snake:3:  layout_concentric_octagons, nicolae_snake_serpentine_hallways,
          nicolae_shop_self_help
Snake:4:  grunt_snake_rune_pools, layout_cave_town, statue_in_the_mist_lemuel,
          uniq_mara
Orc:1:    layout_caves, basic_altar, minmay_orc_barracks
Orc:2:    st_orc_open, layout_caves, gammafunk_ghost_fury_of_okawaru,
          serial_shops, shop
Vaults:1: hangedman_vaults_stretched_pinwheel, hangedman_vaults_pinch,
          nicolae_vaults_double_plus_3, nicolae_vaults_sightless_eye,
          hangedman_vaults_variations, grunt_vaults_focal,
          nicolae_vaults_double_plus_1, nicolae_vaults_sealed_display,
          nicolae_vaults_meeting, nicolae_vaults_specimen_jars,
          layout_vaults_omnicross
Vaults:2: hangedman_vaults_slither, v_alt_pattern_6, nicolae_vaults_apartment_1,
          vaults_mumra_hexcomb, nicolae_vaults_variable_pillar_hall,
          hangedman_vaults_maws, vaults_room_hallway, layout_vaults_omnigrid
Vaults:3: st_spiral_rooms, nicolae_vaults_twisting_passages,
          grunt_vaults_bifocal, nicolae_vaults_turnstiles,
          grunt_vaults_hallway_short, nicolae_vaults_little_squares_3,
          v_alt_pattern_5, vaults_mumra_hex, minmay_crypt_entry_simple_statues,
          vaults_room_boxed, v_pattern_4, nicolae_vaults_trapezoid_lopsided_1,
          nicolae_vaults_cochlea, vaults_room_hallway, layout_vaults_ring
Vaults:4: mu_enter_wizlab_3, ontoclasm_vaults_ligature,
          nicolae_vaults_windows_and_doors_thing, v_alt_pattern_2,
          grunt_vaults_twisty, nicolae_vaults_little_squares_5,
          nicolae_vaults_swerve, nicolae_vaults_circle_grid_a,
          vaults_room_corners, layout_vaults_chaotic_city, serial_shops, shop
Vaults:5
Depths:1: layout_cave_pools, serial_bayou_pond_d,
          nicolae_abyss_entry_one_way_or_another, hell_entry,
          minmay_misc_feat_rows, minmay_strange_pillars, zin_purify
Depths:2: minmay_stepped, layout_cave_pools, serial_shops,
          nicolae_shop_competitors_out_of_business, pf_hell_entry_tar_river,
          chequers_serial_rivers_large_b, pan_entry
Depths:3: kennysheep_cluttered_fort, layout_basic, grunt_hell_horde,
          abyss_entry_flame_altar, chequers_decorated_corner,
          infiniplex_staircase_pool_2, uniq_enchantress
Depths:4: grunt_zot_entry_bicorn, layout_small_grid, enter_ziggurat_a,
          abyss_entry_crystal, hell_entry, minmay_misc_feat_plants
Zot:1:    layout_concentric_octagons
Zot:2:    layout_concentric_octagons, ebering_ghost_inner_flame, uniq_grunn
Zot:3:    layout_cellular_growth, st_stairs_11, st_large_dragon_hoard_1

Skill      XL: |  1  2  3  4  5  6  7  8  9 10 11 12 13 14 15 16 17 18 19 20 21 22 23 24 |
---------------+-------------------------------------------------------------------------+-----
Axes           | 2 3 4 5 6 7 8 9 10 12 13 14 16 17 18 | 18.0
Throwing       | 1 3 4 5 6 9 10 11 12 13 | 13.0
Fighting       | 4 5 6 7 8 9 10 11 12 13 15 17 19 20 22 23 | 23.9
Armour         | 4 5 7 8 9 11 12 13 14 16 17 18 19 22 | 22.0
Dodging        | 1 2 3 4 5 6 7 8 |  8.0
Shields        | 4 5 6 7 12 13 17 18 19 20 21 22 | 22.0
Invocations    | 4 6 10 | 10.1

Action                     |  1- 3 |  4- 6 |  7- 9 | 10-12 | 13-15 | 16-18 | 19-21 | 22-24 | 25-27 || total
---------------------------+-------+-------+-------+-------+-------+-------+-------+-------+-------++-------
  Melee: War axe           |    61 |   132 |   249 |   167 |       |       |       |       |       ||   609
         Broad axe         |       |       |       |   187 |  1250 |  1255 |  1548 |  1902 |    24 ||  6166
         Morningstar       |       |       |       |       |    15 |       |       |       |       ||    15
  Throw: Boomerang         |    10 |    50 |    46 |    22 |    94 |     7 |     6 |       |       ||   235
         Javelin           |       |       |       |    60 |    87 |    48 |   137 |   125 |       ||   457
 Invoke: Heroism           |       |       |       |    18 |    25 |    33 |    17 |    36 |       ||   129
         Finesse           |       |       |       |     1 |     8 |     3 |     3 |    10 |       ||    25
    Use: Scroll            |     4 |     8 |     4 |     4 |    11 |     6 |     5 |     9 |       ||    51
         Potion            |     1 |     4 |     3 |     4 |     1 |     6 |     1 |     4 |       ||    24
   Stab: Distracted        |       |       |       |       |       |       |       |     1 |       ||     1
 Armour: Scale mail        |    50 |    41 |       |       |       |       |       |       |       ||    91
         Plate armour      |       |    30 |   208 |   278 |   738 |   273 |       |       |       ||  1527
         Chain mail        |       |       |       |       |       |   219 |   535 |   575 |       ||  1329
         Gold dragon scale |       |       |       |       |       |       |       |   314 |    48 ||   362
  Dodge: Dodged            |    53 |    44 |    84 |   149 |   439 |   396 |   400 |   838 |    67 ||  2470
  Block: Buckler           |    14 |    23 |    61 |    97 |   231 |       |       |       |       ||   426
         Reflection        |       |       |       |       |    19 |   118 |    62 |    44 |       ||   243
         Kite shield       |       |       |       |       |   249 |   232 |       |       |       ||   481
         Tower shield      |       |       |       |       |       |  1009 |  1480 |  2227 |    95 ||  4811

Table legend:
 A = Non-vault XP
 B = Vault XP
 C = Vault XP percentage of total XP
 D = Non-vault monster count
 E = Vault monster count
 F = Vault count percentage of total count
                 A         B        C        D         E       F
            +---------+---------+-------+---------+---------+-------
      Total |  577400 |  391361 |  40.4 |    1183 |     583 |  33.0
            +---------+---------+-------+---------+---------+-------
        D:1 |      17 |       0 |   0.0 |       9 |       0 |   0.0
        D:2 |      80 |       0 |   0.0 |      23 |       0 |   0.0
        D:3 |     170 |      73 |  30.0 |      30 |      14 |  31.8
        D:4 |     540 |       0 |   0.0 |      23 |       0 |   0.0
        D:5 |     563 |       0 |   0.0 |      29 |       0 |   0.0
        D:6 |    1383 |     390 |  22.0 |      21 |       2 |   8.7
        D:7 |    1210 |      12 |   1.0 |      21 |       5 |  19.2
        D:8 |    1736 |     571 |  24.8 |      21 |       7 |  25.0
        D:9 |    1938 |    2295 |  54.2 |       9 |       7 |  43.8
       D:10 |    2692 |    3030 |  53.0 |      11 |      23 |  67.6
       D:11 |    1987 |       0 |   0.0 |      17 |       0 |   0.0
       D:12 |    6068 |     767 |  11.2 |      26 |       1 |   3.7
       D:13 |    6108 |    1914 |  23.9 |      15 |       4 |  21.1
       D:14 |   14963 |    3213 |  17.7 |      25 |      10 |  28.6
       D:15 |    9437 |    2544 |  21.2 |      27 |       2 |   6.9
     Lair:1 |    2803 |     270 |   8.8 |       9 |       1 |  10.0
     Lair:2 |    5614 |    3691 |  39.7 |      29 |      15 |  34.1
     Lair:3 |    8529 |     332 |   3.7 |      26 |       2 |   7.1
     Lair:4 |    6312 |       0 |   0.0 |      11 |       0 |   0.0
     Lair:5 |    8713 |   13844 |  61.4 |      28 |      53 |  65.4
   Shoals:1 |   10925 |     457 |   4.0 |      22 |       1 |   4.3
   Shoals:2 |   11701 |       0 |   0.0 |      26 |       0 |   0.0
   Shoals:3 |   24790 |    9117 |  26.9 |      50 |      12 |  19.4
   Shoals:4 |   14185 |   26140 |  64.8 |      27 |      42 |  60.9
    Snake:1 |   14040 |    6709 |  32.3 |      28 |      12 |  30.0
    Snake:2 |   18445 |       0 |   0.0 |      38 |       0 |   0.0
    Snake:3 |   23658 |       0 |   0.0 |      50 |       0 |   0.0
    Snake:4 |   23777 |   29565 |  55.4 |      46 |      37 |  44.6
      Orc:1 |    3552 |    1191 |  25.1 |      38 |      17 |  30.9
      Orc:2 |    5912 |   15441 |  72.3 |      40 |      37 |  48.1
   Vaults:1 |   23001 |   22064 |  49.0 |      30 |      26 |  46.4
   Vaults:2 |   15668 |   22834 |  59.3 |      30 |      32 |  51.6
   Vaults:3 |   32844 |   35532 |  52.0 |      37 |      48 |  56.5
   Vaults:4 |   67794 |   18989 |  21.9 |      92 |      24 |  20.7
   Vaults:5 |   22746 |  107854 |  82.6 |      33 |      97 |  74.6
   Depths:1 |   25890 |    1227 |   4.5 |      36 |       1 |   2.7
   Depths:2 |   12746 |   17076 |  57.3 |      14 |      13 |  48.1
   Depths:3 |   32641 |   20064 |  38.1 |      39 |      19 |  32.8
   Depths:4 |   13015 |   18094 |  58.2 |      17 |      14 |  45.2
      Zot:1 |   27289 |       0 |   0.0 |      24 |       0 |   0.0
      Zot:2 |   46404 |       0 |   0.0 |      38 |       0 |   0.0
      Zot:3 |   25514 |    6061 |  19.2 |      18 |       5 |  21.7
            +---------+---------+-------+---------+---------+-------
